 Dungeon Crawl Stone Soup version 0.31-a0-1-g4198be8af4 (webtiles) character file.

Game seed: 2184279605537400513

1110550 hwolsky the Axe Maniac (level 27, -3/223 (273) HPs) *EXPLORE*
             Began as a Minotaur Fighter on Apr 28, 2023.
             Was the Champion of Okawaru.
             Slain by a tainted leviathan (27 damage)
             ... on level 2 of Tartarus on May 1, 2023.
             The game lasted 06:41:33 (106956 turns).

hwolsky the Axe Maniac (Minotaur Fighter)         Turns: 106956, Time: 06:41:49

HP:   -3/223 (273)  AC: 51    Str: 44    XL:     27
MP:   29/34         EV:  9    Int: 26    God:    Okawaru [******]
Gold: 12113         SH:  9    Dex: 21    Spells: 21/43 levels left

rFire   . . .        v - +13 sceptre of Asmodeus
rCold   + . .        K - orb of Dispater {+Damnation *Corrode AC+5}
rNeg    + . .        r - +8 orange crystal plate armour {Archmagi, Int+3 Clar}
rPois   +            A - -2 hat of the Alchemist {rElec rPois rF+ rC+ rN+ Will+ rMut rCorr}
rElec   +            t - +5 cloak of Protective Custody {Harm rC+ Str+2 Dex-5}
rCorr   +            P - +1 pair of gloves of the New World {Int+2 SInv}
SInv    +            R - +1 pair of boots "Suhaesek" {+Inv Fly Str+4 Stlth-}
Will    +....        a - amulet "Qahathre" {Reflect Int+6 SH+5 Stlth+} Stlth
                     J - ring "Qygylayll" {Fly rC- Str+8 Dex+8 Slay-3}
HPRegen 0.57/turn    y - ring of the Queen {rElec rF- Str+3 Int+6 Dex+4}
MPRegen 0.24/turn

%: corrode self (3%), harm (+30% outgoing, +20% incoming), reflection, clarity,
resist mutation, archmagi
@: lethally poisoned (-3 -> -15), corroded, doom-hounded, flying, slowed,
wreathed by umbra, studying 8 skills, heavily drained, weak-willed, very slow
A: horns 2, retaliatory headbutt, large bone plates 1, subdued magic 1
}: 9/15 runes: decaying, slimy, silver, golden, iron, obsidian, icy, abyssal,
gossamer
a: Renounce Religion, Evoke Invisibility, Evoke Damnation, Heroism, Finesse,
Duel


You were on level 2 of Tartarus.
You worshipped Okawaru.
Okawaru was exalted by your worship.
You visited 17 branches of the dungeon, and saw 78 of its levels.
You visited the Abyss 1 time.
You visited 2 ziggurats (completing 1), and saw 38 of their levels.
You also visited: Trove, Ossuary, Bailey, Gauntlet, Ice Cave and Wizlab.

You collected 17846 gold pieces.
You spent 5717 gold pieces at shops.
You donated 16 gold pieces to Zin.

Inventory:

Hand Weapons
 q - the +12 glaive of Prune {freeze, Prune}
   (You found it on level 12 of a ziggurat)

   Prune:     It halves damage taken while paralysed, petrified or unconscious.
 v - the +13 sceptre of Asmodeus (weapon)
   (You took it off Asmodeus on level 7 of Gehenna)

   Fire Summon: It may summon demons of flame and damnation when striking foes.
 E - the +4 consecrated labrys {holy, Valiant Fragile Fly SInv}
   (You found it on level 14 of a ziggurat)

   Valiant:   It becomes more powerful as more dangerous foes come into view.
   SInv:      It lets you see invisible.
   Fly:       It grants you flight.
   Fragile:   It will be destroyed if unequipped.
 L - the +9 sword of Zonguldrok {reap, PENIS}
   (You found it on level 3 of the Tomb of the Ancients)
 Y - the +8 mithril axe "Arga" {speed, Will+}
   (You found it on level 27 of a ziggurat)

   Will:      It increases your willpower.
Missiles
 n - 56 boomerangs
 s - a throwing net
 H - 24 silver javelins
Armour
 l - a +8 tower shield
 r - the +8 orange crystal plate armour (worn) {Archmagi, Int+3 Clar}
   (Okawaru gifted it to you on level 5 of the Lair of Beasts)

   Int:       It affects your intelligence (+3).
   Clar:      It protects you from confusion, rage, mesmerisation and fear.
 t - the +5 cloak of Protective Custody (worn) {Harm rC+ Str+2 Dex-5}
   (You found it on level 7 of Cocytus)

   Str:       It affects your strength (+2).
   Dex:       It affects your dexterity (-5).
   rC:        It protects you from cold.
   Harm:      It increases damage dealt and taken.
 A - the -2 hat of the Alchemist (worn) {rElec rPois rF+ rC+ rN+ Will+ rMut rCorr}
   (You acquired it on level 3 of the Pits of Slime)

   rF:        It protects you from fire.
   rC:        It protects you from cold.
   rElec:     It insulates you from electricity.
   rPois:     It protects you from poison.
   rN:        It protects you from negative energy.
   rCorr:     It protects you from acid and corrosion.
   rMut:      It protects you from mutation.
   Will:      It increases your willpower.
 K - the orb of Dispater (worn) {+Damnation *Corrode AC+5}
   (You took it off Dispater on level 7 of the Iron City of Dis)

   +Damnation: It grants the ability to hurl damnation at the cost of health and
   magic, with strength depending on Evocations skill.
   AC:        It affects your AC (+5).
   *Corrode:  It may corrode you when you take damage.
 P - the +1 pair of gloves of the New World (worn) {Int+2 SInv}
   (Okawaru gifted it to you on level 21 of a ziggurat)

   Int:       It affects your intelligence (+2).
   SInv:      It lets you see invisible.
 R - the +1 pair of boots "Suhaesek" (worn) {+Inv Fly Str+4 Stlth-}
   (You found it in a treasure trove)

   Str:       It affects your strength (+4).
   +Inv:      It lets you turn invisible.
   Fly:       It grants you flight.
   Stlth:     It makes you less stealthy.
Jewellery
 a - the amulet "Qahathre" (around neck) {Reflect Int+6 SH+5 Stlth+}
   (You found it on level 4 of the Lair of Beasts)

   [amulet of reflection]

   It reflects blocked missile attacks.
   Int:       It affects your intelligence (+6).
   SH:        It affects your SH (+5).
   Stlth:     It makes you more stealthy.
 w - the brooch of Shielding {Spirit SH+8}
   (You found it on level 27 of a ziggurat)

   [amulet of guardian spirit]

   It causes incoming damage to be divided between your reserves of health and
   magic.
   SH:        It affects your SH (+8).
 y - the ring of the Queen (right hand) {rElec rF- Str+3 Int+6 Dex+4}
   (You found it on level 14 of a ziggurat)

   [ring of intelligence]

   Str:       It affects your strength (+3).
   Int:       It affects your intelligence (+6).
   Dex:       It affects your dexterity (+4).
   rF:        It makes you vulnerable to fire.
   rElec:     It insulates you from electricity.
 z - the ring of the Genius {rN+ Will++ Int+4 Stlth+}
   (You found it on level 14 of a ziggurat)

   [ring of positive energy]

   Int:       It affects your intelligence (+4).
   rN:        It protects you from negative energy.
   Will:      It greatly increases your willpower.
   Stlth:     It makes you more stealthy.
 G - the ring of the Mage {Wiz Archmagi}
   (You found it on level 14 of a ziggurat)

   [ring of wizardry]

   It improves your spell success rate.
   Archmagi:  It increases the power of your magical spells.
 J - the ring "Qygylayll" (left hand) {Fly rC- Str+8 Dex+8 Slay-3}
   (You found it on level 9 of the Dungeon)

   [ring of flight]

   Str:       It affects your strength (+8).
   Dex:       It affects your dexterity (+8).
   Slay:      It affects your accuracy & damage with ranged weapons and melee
   (-3).
   rC:        It makes you vulnerable to cold.
   Fly:       It grants you flight.
 M - the ring of the Tortoise {AC+8}
   (You found it in a treasure trove)

   [ring of protection]

   AC:        It affects your AC (+8).
 N - a +6 ring of intelligence
 O - a ring of see invisible
 U - the amulet "Koheaj" {Spirit Harm rPois Dex+6}
   (You found it on level 7 of the Iron City of Dis)

   [amulet of guardian spirit]

   It causes incoming damage to be divided between your reserves of health and
   magic.
   Dex:       It affects your dexterity (+6).
   rPois:     It protects you from poison.
   Harm:      It increases damage dealt and taken.
Wands
 V - a wand of digging (3)
Scrolls
 b - 20 scrolls of fog
 e - 54 scrolls of teleportation
 f - 5 scrolls of silence
 j - 14 scrolls of amnesia
 k - 72 scrolls of identify
 m - 9 scrolls of enchant armour
 u - 22 scrolls of enchant weapon
 B - 13 scrolls of poison
 F - 6 scrolls of blinking
 I - 3 scrolls of brand weapon
 Q - 7 scrolls of fear
 T - 16 scrolls of magic mapping
Potions
 c - 19 potions of mutation
 d - 11 potions of might
 g - 14 potions of brilliance
 h - 10 potions of berserk rage
 i - 6 potions of flight
 o - 31 potions of curing
 p - 5 potions of cancellation
 x - 9 potions of invisibility
 C - 26 potions of heal wounds
 D - 14 potions of haste
 S - 4 potions of resistance
 X - 3 potions of magic
Miscellaneous
 W - a +1 figurine of a ziggurat


   Skills:
 O Level 27 Fighting
 O Level 27 Long Blades
 O Level 27 Axes
 * Level 18.7(24.9) Maces & Flails
 - Level 14.7 Throwing
 O Level 27 Armour
 O Level 27 Shields
 - Level 8.8 Spellcasting
 + Level 16.1 Conjurations
 - Level 11.7 Transmutations
 * Level 24.2 Air Magic
 - Level 8.5 Earth Magic
 - Level 14.1 Invocations


You had 21 spell levels left.
You knew the following spells:

 Your Spells              Type           Power      Damage    Failure   Level
a - Passwall              Tmut/Erth      54%        N/A       1%          2
b - Arcjolt               Conj/Air       47%        1d57      1%          5
c - Chain Lightning       Conj/Air       47%        3d62      99%         9
d - Starburst             Conj/Fire      28%        6d9       63%         6

Your spell library contained the following spells:

 Spells                   Type           Power      Damage    Failure   Level
 Magic Dart               Conj           100%       1d8       0%          1
 Shock                    Conj/Air       100%       1d9       0%          1
 Searing Ray              Conj           100%       2d8       0%          2
 Static Discharge         Conj/Air       100%       2-7/arc   0%          2
 Swiftness                Air            100%       N/A       0%          3
 Airstrike                Air            51%        2d(8-24)  0%          4
 Beastly Appendage        Tmut           100%       N/A       1%          1
 Foxfire                  Conj/Fire      100%       2x1d9     1%          1
 Kiss of Death            Conj/Necr      100%       2d13      1%          1
 Sandblast                Erth           100%       2d20      1%          1
 Sting                    Tmut/Pois      100%       1d8       1%          1
 Cigotuvi's Dreadful Rot  Necr/Pois/Air  100%       N/A       1%          2
 Momentum Strike          Conj/Tloc      100%       3d10      1%          2
 Poisonous Vapours        Pois/Air       100%       N/A       1%          2
 Wereblood                Tmut           70%        N/A       1%          2
 Dazzling Flash           Conj/Hex       100%       N/A       1%          3
 Hailstorm                Conj/Ice       57%        3d12      1%          3
 Mephitic Cloud           Conj/Pois/Air  76%        N/A       1%          3
 Stone Arrow              Conj/Erth      100%       3d13      1%          3
 Vhi's Electric Charge    Tloc/Air       100%       N/A       1%          3
 Petrify                  Tmut/Erth      65%        N/A       1%          4
 Freezing Cloud           Conj/Ice/Air   38%        6-21      1%          5
 Irradiate                Conj/Tmut      38%        3d24      1%          5
 Iskenderun's Battlesphe  Conj           84%        2d13      1%          5
 Conjure Ball Lightning   Conj/Air       47%        3x3d16    1%          6
 Blade Hands              Tmut           35%        N/A       2%          5
 Silence                  Hex/Air        36%        N/A       2%          5
 Spider Form              Tmut/Pois      48%        N/A       3%          3
 Flame Wave               Conj/Fire      57%        2d14      4%          4
 Fulminant Prism          Conj/Hex       28%        3d14      4%          4
 Iskenderun's Mystic Bla  Conj/Tloc      57%        2d12      4%          4
 Sticky Flame             Conj/Fire      57%        2d7       4%          4
 Maxwell's Capacitive Co  Air            51%        ∞         4%          8
 Storm Form               Tmut/Air       44%        N/A       7%          7
 Ignite Poison            Fire/Tmut/Pois 36%        N/A       8%          3
 Lee's Rapid Deconstruct  Erth           29%        3d15*     12%         5
 Ice Form                 Ice/Tmut       48%        N/A       13%         4
 Iron Shot                Conj/Erth      36%        9d7       13%         6
 Apportation              Tloc           26%        N/A       14%         1
 Freeze                   Ice            52%        1d6       14%         1
 Necrotise                Necr           52%        1d6       14%         1
 Slow                     Hex            52%        N/A       14%         1
 Fireball                 Conj/Fire      28%        3d12      14%         5
 Plasma Beam              Fire/Air       36%        2x1d54    16%         6
 Orb of Destruction       Conj           42%        9d12      16%         7
 Blink                    Tloc           26%        N/A       22%         2
 Ensorcelled Hibernation  Hex/Ice        26%        N/A       22%         2
 Lesser Beckoning         Tloc           26%        N/A       22%         2
 Sublimation of Blood     Necr           13%        N/A       22%         2
 Leda's Liquefaction      Hex/Erth       19%        N/A       24%         4
 Alistair's Intoxication  Tmut/Pois      32%        N/A       34%         5
 Yara's Violent Unravell  Hex/Tmut       24%        3d11      34%         5
 Statue Form              Tmut/Erth      43%        N/A       34%         6
 Confusing Touch          Hex            13%        N/A       41%         3
 Frozen Ramparts          Ice            26%        1d4       41%         3
 Gell's Gravitas          Tloc           13%        N/A       41%         3
 Inner Flame              Hex/Fire       13%        N/A       41%         3
 Ozocubu's Armour         Ice            13%        N/A       41%         3
 Portal Projectile        Hex/Tloc       26%        N/A       41%         3
 Teleport Other           Tloc           13%        N/A       41%         3
 Vampiric Draining        Necr           13%        2d6       41%         3
 Volatile Blastmotes      Fire/Tloc      26%        2d12      41%         3
 Borgnjor's Vile Clutch   Necr/Erth      19%        N/A       58%         5
 Anguish                  Hex/Necr       6%         N/A       83%         4
 Cause Fear               Hex            6%         N/A       83%         4
 Dispel Undead            Necr           13%        3d9       83%         4
 Manifold Assault         Tloc           13%        N/A       83%         4
 Olgreb's Toxic Radiance  Pois           13%        N/A       83%         4
 Passage of Golubria      Tloc           13%        N/A       83%         4
 Eringya's Noxious Bog    Tmut/Pois      24%        N/A       91%         6
 Agony                    Necr           13%        N/A       99%         5
 Metabolic Englaciation   Hex/Ice        6%         N/A       99%         5
 Dispersal                Tloc           6%         N/A       100%        6
 Enfeeble                 Hex            6%         N/A       100%        7
 Ozocubu's Refrigeration  Ice            6%         4d8       100%        7
 Borgnjor's Revivificati  Necr           6%         N/A       100%        8
 Discord                  Hex            6%         N/A       100%        8
 Disjunction              Tloc           6%         N/A       100%        8
 Ignition                 Fire           6%         3d4       100%        8
 Lehudib's Crystal Spear  Conj/Erth      36%        10d9      100%        8
 Necromutation            Tmut/Necr      24%        N/A       100%        8
 Death's Door             Necr           6%         N/A       100%        9
 Fire Storm               Conj/Fire      28%        8d7       100%        9
 Polar Vortex             Ice            6%         N/A       100%        9
 Shatter                  Erth           29%        3d24*     100%        9
 Summon Lightning Spire   Summ/Air       Unusable   N/A       N/A         4
 Summon Small Mammal      Summ           Unusable   N/A       N/A         1
 Call Imp                 Summ           Unusable   N/A       N/A         2
 Animate Armour           Summ/Erth      Unusable   N/A       N/A         4
 Summon Guardian Golem    Hex/Summ       Unusable   N/A       N/A         3
 Tukima's Dance           Hex            Unusable   N/A       N/A         3
 Animate Dead             Necr           Unusable   N/A       N/A         4
 Summon Ice Beast         Ice/Summ       Unusable   N/A       N/A         4
 Summon Forest            Summ/Tloc      Unusable   N/A       N/A         5
 Summon Mana Viper        Hex/Summ       Unusable   N/A       N/A         5
 Spellforged Servitor     Conj/Summ      Unusable   N/A       N/A         7
 Death Channel            Necr           Unusable   N/A       N/A         6
 Simulacrum               Ice/Necr       Unusable   N/A       N/A         6
 Summon Cactus Giant      Summ           Unusable   N/A       N/A         6
 Haunt                    Necr/Summ      Unusable   N/A       N/A         7
 Malign Gateway           Summ/Tloc      Unusable   N/A       N/A         7
 Summon Hydra             Summ           Unusable   N/A       N/A         7
 Infestation              Necr           Unusable   N/A       N/A         8

Dungeon Overview and Level Annotations

Branches:
Dungeon (15/15)            Temple (1/1) D:4            Lair (5/5) D:8
  Swamp (4/4) Lair:2       Spider (4/4) Lair:3        Slime (5/5) Lair:5
    Orc (2/2) D:10            Elf (3/3) Orc:2        Vaults (5/5) D:13
  Crypt (3/3) Vaults:2       Tomb (3/3) Crypt:3      Depths (4/4) D:15
   Hell (visited)             Dis (7/7) Hell            Geh (7/7) Hell
    Coc (7/7) Hell            Tar (2/7) Hell        Ossuary (visited)
 Bailey (visited)           IceCv (visited)          WizLab (visited)
Gauntlet (visited)
    Zot: Depths:4

Altars:
Ashenzari
Cheibriados
Dithmenos
Elyvilon
Fedhas
Gozag
Hepliaklqana
Kikubaaqudgha
Makhleb
Nemelex Xobeh
Okawaru
Qazlal
Ru
Sif Muna
Trog
Uskayaw
Vehumet
Wu Jian
Xom
Yredelemnul
Zin
The Shining One
Jiyva

Shops:
D:7 ([[[   Orc:2 **([   Elf:1 (   Elf:2 (   Elf:3 :*!   Vaults:3 *   Vaults:4 !
Depths:1 ?   Depths:4 [=[

Portals:
Hell: Depths:1* Depths:2 Depths:3 Depths:4
Abyss: Depths:1 Depths:3
Pandemonium: Depths:2 Depths:3


Innate Abilities, Weirdness & Mutations

You have a pair of horns on your head.
You reflexively headbutt those who attack you in melee.
You are partially covered in large bone plates. (SH +4)
Your spells are a little easier to cast, but a little less powerful.


Message History

You block the Tzitzimitl's attack. You block the reaper's attack.
The profane servitor hits you but does no damage. x2
The putrid mouth bites you but does no damage.
The putrid mouth claws you.
A tainted leviathan comes into view.
The reaper hits you with a +0 scythe of venom.
Your corrosive artefact corrodes you!
You completely miss the Tzitzimitl. You headbutt the Tzitzimitl.
The Tzitzimitl is lightly wounded.
You block the profane servitor's attack.
The profane servitor hits you but does no damage.
The Tzitzimitl engulfs you but does no damage.
The Tzitzimitl bites you. You block the reaper's attack.
The putrid mouth bites you!!
* * * LOW HITPOINT WARNING * * *
The putrid mouth claws you but does no damage.
The reaper closely misses you. You furiously retaliate!
You headbutt the reaper!!
The profane servitor hits you but does no damage. x2
The Tzitzimitl engulfs you but does no damage.
You block the Tzitzimitl's attack.
You miss the Tzitzimitl.
The Tzitzimitl is lightly wounded.
You are engulfed in dark miasma.
You are poisoned.
You feel as though you will be slow longer.
* * * LOW HITPOINT WARNING * * *
You feel very sick.
The reaper hits you from afar with a +3 scythe of protection!!
* * * LOW HITPOINT WARNING * * *
The profane servitor barely misses you. x2
The putrid mouth bites you but does no damage.
The putrid mouth claws you but does no damage.
The tainted leviathan hits you!!
Die? [Y]es or [N]o only, please.
Die?
Uppercase [Y]es or [N]o only, please.
Die?
You die...

#.....# ..
....... #.
○°..... #.#
☼°..... ## #..
.......
...###..
##C°.....
.....#.#
##CW......
.......###W@1.#
#.Z22A2###
##.##..Z1###
#....∩.###
.......###
####... ##..
##. ##


You could see a profane servitor, 2 tainted leviathans, 2 Tzitzimimeh, 3
reapers, 2 putrid mouths, a spectral alligator snapping turtle and a spectral
centaur warrior.

Vanquished Creatures
  Antaeus (Coc:7)
  the Royal Jelly (Slime:5)
  Asmodeus (Geh:7)
  the Serpent of Hell (Coc:7)
  Dispater (Dis:7)
  5 dread liches
  Khufu (Tomb:1)
  3 ancient liches
  17 juggernauts
  45 royal mummies
  Saint Roka (Vaults:1)
  Boris (twice) (Tomb:1 Tomb:3)
  Bai Suzhen (Depths:1)
  30 shard shrikes
  4 Killer Klowns (Zig:21)
  Margery (Depths:4)
  Xtahua (Depths:4)
  2 curse toes (Crypt:3)
  The ghost of Hali the Executioner, a veteran FoFi of Dithmenos (Crypt:1)
  Geryon (Hell)
  8 golden dragons
  31 caustic shrikes
  7 bone dragons
  A profane servitor (Tar:2)
  Jory (Vaults:5)
  Arachne (Spider:3)
  11 pandemonium lords
  17 iron giants
  6 doom hounds
  14 Tzitzimimeh
  9 Brimstone Fiends
  Jorgrun (Spider:2)
  14 hellephants
  A spectral shard shrike (Tar:2)
  10 tentacled monstrosities
  2 tainted leviathans
  A walking crystal tome (Depths:4)
  31 Ice Fiends
  A shard shrike zombie (Crypt:3)
  28 Hell Sentinels
  Asterion (Spider:3)
  15 liches
  A quicksilver dragon (Vaults:4)
  The ghost of turdburglar the Brawler, an adept TrFi of Okawaru (Swamp:4)
  9 deep elf blademasters
  3 deep elf master archers
  22 titans
  46 ancient champions
  Frances (Swamp:2)
  49 acid blobs
  7 Executioners (Zig:26)
  4 thorn hunters (Swamp:4)
  10 shadow dragons
  Kirke (D:13)
  10 tentacled starspawn
  8 sphinxes
  14 searing wretches
  4 tengu reavers
  4 storm dragons (Vaults:5)
  17 azure jellies
  Donald (Spider:1)
  2 nagarajas (Zig:9)
  3 demonspawn warmongers
  27 rockslimes
  10 revenants
  A fenstrider witch (shapeshifter) (Zig:21)
  16 draconian monks
  An iron dragon (shapeshifter) (Zig:21)
  An azure jelly (shapeshifter) (Zig:21)
  19 frost giants
  A fenstrider witch (Zig:2)
  Roxanne (Swamp:2)
  5 daevas (Zig:6)
  14 quicksilver elementals
  28 balrugs
  15 draconian knights
  27 narguns
  18 fire giants
  3 caustic shrike zombies
  7 emperor scorpions
  Louise (Spider:2)
  3 deep elf sorcerers
  A spectral caustic shrike (WizLab)
  7 draconian scorchers
  11 ghouls
  21 vault wardens
  10 ghost moths
  7 curse skulls (Zig:16)
  8 iron dragons
  2 angels (Zig:6)
  10 orc warlords
  22 ironbound preservers
  7 shard shrike simulacra
  5 deep elf elementalists
  7 draconian stormcallers
  2 demonspawn corrupters (Zig:13)
  7 cacodemons
  2 juggernaut zombies
  12 draconian shifters
  24 war gargoyles
  10 reapers
  4 demonspawn blood saints
  The ghost of Ozixysch the Stormcaller, a journeyman TeAE of Vehumet (Spider:4)
  16 quicksilver oozes
  8 vampire knights
  The ghost of turdburglar the Brawler, a journeyman TrBe of Jiyva (Lair:4)
  5 draconian annihilators
  An eleionoma (shapeshifter) (Zig:21)
  30 very ugly things
  A broodmother (Spider:4)
  A stone giant (shapeshifter) (Zig:21)
  13 stone giants
  7 ironbound thunderhulks
  14 deep elf demonologists
  7 eleionomae
  8 yellow draconians
  4 black draconians
  Azrael (Spider:2)
  2 demonspawn black suns (Zig:26)
  4 dire elephants (shapeshifter) (Zig:21)
  A spectral titan (WizLab)
  20 bennus
  8 lorocyprocas
  6 red draconians
  22 iron golems
  5 putrid mouths
  A minotaur (Gauntlet)
  6 green draconians
  4 deep elf annihilators
  4 halazid warlocks (WizLab)
  8 purple draconians
  19 elemental wellsprings
  4 bunyips (Zig:23)
  10 dire elephants
  26 wendigos
  6 white draconians
  11 green deaths
  16 blizzard demons
  2 merfolk javelineers
  17 deep elf death magi
  5 spark wasps
  10 ettins
  A spectral iron giant (Tar:2)
  11 yaktaur captains
  10 eidola
  5 fire dragons
  19 jiangshi
  The ghost of avangion the Destroyer, a journeyman GnCj of Vehumet (D:11)
  9 entropy weavers
  An entropy weaver (shapeshifter) (D:13)
  2 merfolk impalers
  10 deep elf high priests
  4 crystal guardians (Depths:1)
  42 mummy priests
  6 shambling mangroves
  Erolcha (D:11)
  13 ice dragons
  Fannar (D:11)
  3 spectral spriggans
  17 great orbs of eyes
  A fenstrider witch zombie (Crypt:2)
  31 vault guards
  3 hell beasts (Zig:26)
  31 hydras
  5 rakshasas
  15 salamander tyrants
  4 jorogumos
  11 ironbound frosthearts
  5 juggernaut simulacra
  6 radroaches
  2 spriggan air magi
  3 catoblepae
  2 ogre magi
  6 stokers
  4 ghost crabs
  A two-headed ogre (shapeshifter) (Zig:11)
  2 spriggan skeletons
  15 alligators
  7 caustic shrike simulacra
  A merfolk avatar (Zig:6)
  10 deep troll shamans
  40 dancing weapons
  9 centaur warriors
  4 boulder beetles
  2 merfolk aquamancers
  A death knight (Crypt:1)
  An anaconda (shapeshifter) (Vaults:5)
  3 two-headed ogres
  3 naga warriors
  31 hell hogs
  44 death scarabs
  5 death yaks
  A titan zombie (WizLab)
  12 vampire magi
  A death yak (shapeshifter) (Vaults:4)
  6 tengu warriors
  A quicksilver ooze zombie (Crypt:3)
  15 thrashing horrors
  9 orc high priests
  2 bennu skeletons (Crypt:2)
  9 soul eaters
  10 deep troll earth magi
  The ghost of rinse the Spear-Bearer, a novice MfGl of Hepliaklqana (D:9)
  3 shock serpents (Zig:9)
  3 naga sharpshooters
  A spectral dire elephant (Lair:5)
  18 hell knights
  2 spriggan berserkers (Depths:3)
  18 spriggans
  A skyshark (Lair:5)
  8 crystal echidnas
  14 deep elf knights
  2 storm dragon zombies
  7 sun demons
  7 wretched stars
  3 spectral nagas (Tar:2)
  36 skeletal warriors
  An iron troll (shapeshifter) (Zig:21)
  9 shadow wraiths
  2 sixfirhies
  3 fire crabs (shapeshifter)
  A sea snake (Zig:3)
  An iron giant zombie (Crypt:3)
  A spectral ghost moth (Spider:4)
  3 bunyip zombies
  A quicksilver dragon simulacrum (Coc:2)
  4 pharaoh ants
  3 spark wasp zombies
  9 death drakes
  6 iron trolls
  4 spectral spark wasps
  60 deep trolls
  5 shadow demons
  17 swamp dragons
  2 spectral anacondas
  3 golden dragon zombies
  A sun moth (Spider:1)
  4 goliath frogs
  A spectral iron dragon (Zig:10)
  4 glowing orange brains
  9 spriggan simulacra
  5 orb spiders
  12 deep elf archers
  2 spectral wolf spiders (WizLab)
  4 bog bodies
  8 flayed ghosts
  15 spriggan druids
  A naga ritualist (Zig:9)
  6 orange crystal statues
  4 spectral hydras (Swamp:4)
  A swamp dragon (shapeshifter) (Vaults:5)
  12 necromancers
  11 wizards
  Pikel (D:8)
  A spectral broodmother (Spider:4)
  A tengu zombie (D:15)
  16 ironbound convokers
  28 deep elf pyromancers
  2 iron dragon zombies
  8 obsidian statues
  10 phantasmal warriors
  8 steelbarb worms
  A wolf spider zombie (WizLab)
  A spectral jorogumo (Spider:4)
  10 orc knights
  3 harpies (Vaults:3)
  3 lindwurms (Vaults:1)
  A spectral radroach (Spider:4)
  A sphinx zombie (Hell)
  28 deep elf zephyrmancers
  3 spectral ettins
  4 fire giant zombies
  A mana viper (shapeshifter) (D:13)
  24 oklob plants
  10 orc sorcerers
  39 ugly things
  19 wolf spiders
  8 will-o-the-wisps
  2 cyclopes
  2 moths of wrath (shapeshifter)
  2 tengu skeletons
  5 worldbinders
  2 frost giant zombies
  2 manticores
  15 shining eyes
  16 elephants
  A shock serpent zombie (Crypt:1)
  2 dire elephant zombies
  5 moths of wrath
  2 spectral centaurs
  4 naga magi (Zig:9)
  12 black mambas
  A goliath frog skeleton (Crypt:2)
  8 molten gargoyles (Geh:7)
  A merfolk siren (Zig:6)
  15 vault sentinels
  9 demonic crawlers
  3 gargoyles
  A guardian serpent (shapeshifter) (Vaults:5)
  4 titan simulacra
  A water nymph (Zig:3)
  9 apocalypse crabs
  9 rust devils
  5 ice statues
  2 naga skeletons
  3 eyes of devastation
  6 smoke demons
  2 centaur skeletons
  4 orange demons
  23 hellions
  2 unseen horrors
  3 dire elephant skeletons
  24 yaktaurs
  8 rime drakes
  14 torpor snails
  2 kobold demonologists (D:10)
  2 storm dragon simulacra (Zig:19)
  A sea snake zombie (Hell)
  14 cane toads
  11 swamp worm zombies (Crypt:1)
  17 freezing wraiths
  8 komodo dragons
  19 ice devils
  An unseen horror zombie (D:8)
  A death yak skeleton (Crypt:1)
  4 tengu conjurers
  10 efreet
  6 anaconda simulacra
  A komodo dragon (shapeshifter) (Vaults:5)
  8 ancient zymes
  3 bunyip simulacra
  4 harpy zombies
  2 iron giant simulacra (Coc:7)
  14 tormentors
  A white draconian skeleton (Crypt:1)
  84 guardian mummies
  A minotaur skeleton (Tomb:3)
  5 spectral harpies
  A ghost moth simulacrum (Spider:4)
  3 golden dragon simulacra
  2 sea snake skeletons (Hell)
  4 hellwings
  2 silent spectres (Zig:10)
  7 trolls
  3 polar bears
  A hydra zombie (Swamp:4)
  3 red devils
  A hornet (shapeshifter) (Vaults:5)
  2 death drake zombies (Swamp:4)
  7 meliai
  A tengu simulacrum (Zig:20)
  A broodmother simulacrum (Spider:4)
  25 hornets
  A jorogumo simulacrum (Spider:4)
  A harpy skeleton (Crypt:1)
  A blink frog (shapeshifter) (D:13)
  8 merfolk
  8 spriggan zombies
  19 tarantellas
  2 dream sheep (shapeshifter)
  4 hydra skeletons
  A wolf spider simulacrum (D:15)
  An iron dragon simulacrum (Coc:2)
  2 alligator zombies (Hell)
  An ettin zombie (Hell)
  10 raiju
  21 small abominations
  Prince Ribbit (Bailey)
  8 blink frogs
  6 tyrant leeches
  A frost giant simulacrum (Zig:11)
  2 death drake skeletons
  4 dream sheep
  A stone giant simulacrum (Coc:1)
  114 slime creatures
  27 jumping spiders
  36 flying skulls
  2 snapping turtles (Zig:6)
  8 dire elephant simulacra
  2 shadows
  26 culicivoras
  An ice dragon skeleton (Crypt:3)
  4 air elementals
  4 ynoxinuls
  A spriggan (shapeshifter) (D:14)
  23 water elementals
  A centaur simulacrum (Tomb:3)
  2 vampires
  2 alligator snapping turtle simulacra
  5 wyverns
  17 fire bats
  11 wraiths
  A human (shapeshifter) (D:12)
  37 yaks
  54 starcursed masses
  22 ushabtiu
  4 fire elementals
  4 humans (Bailey)
  A golden eye (shapeshifter) (Vaults:5)
  18 golden eyes
  5 basilisks
  4 hogs (D:13)
  34 redbacks
  3 steam dragons
  Grum (D:11)
  5 chaos spawn
  6 neqoxecs
  7 vampire mosquitoes
  A redback (shapeshifter) (Zig:11)
  14 minotaur simulacra (IceCv)
  17 swamp worms
  A naga zombie (Crypt:3)
  19 large abominations
  A naga (Zig:5)
  17 wargs
  18 harpy simulacra
  5 hydra simulacra
  3 spectral cane toads (Lair:5)
  9 hell hounds
  A glowing shapeshifter zombie (Zig:24)
  4 acid dragons
  A glowing shapeshifter skeleton (D:15)
  15 water moccasins
  Duvessa (D:5)
  A floating eye (shapeshifter) (D:13)
  A floating eye (Zig:27)
  A demonspawn skeleton (Crypt:2)
  61 orc warriors
  A hornet zombie (D:8)
  8 ice beasts
  2 sky beasts (D:8)
  2 alligator simulacra
  4 swamp drakes
  11 ogres
  10 ettin simulacra
  2 swamp dragon zombies
  27 wolves
  8 boggarts (Vaults:1)
  25 centaurs
  2 swamp dragon skeletons
  A torpor snail zombie (Crypt:3)
  A phantom (D:4)
  4 lemures (D:8)
  A fire crab zombie (Crypt:3)
  A hog skeleton (Crypt:3)
  3 elf zombies
  2 kobold brigands
  18 bullfrogs
  A rime drake skeleton (Crypt:1)
  A salamander zombie (Crypt:2)
  3 scorpions
  2 glowing shapeshifter simulacra
  5 deep troll simulacra
  A demonspawn simulacrum (Coc:1)
  2 necrophages
  2 elf skeletons (D:4)
  3 earth elementals
  5 naga simulacra
  5 gnoll sergeants
  Dowan (D:5)
  13 wights
  A lindwurm simulacrum (IceCv)
  6 killer bees
  4 howler monkeys
  An electric eel (D:8)
  7 centaur zombies
  6 jellies
  A wolf skeleton (Crypt:1)
  3 hounds
  3 iron imps (Abyss:3)
  3 quasits (Abyss:3)
  7 human zombies
  26 orc priests
  6 sleepcaps
  4 iguanas
  30 orc wizards
  A killer bee zombie (D:8)
  An acid dragon zombie (Crypt:2)
  2 hound skeletons (Crypt:1)
  92 mummies
  2 howler monkey zombies (D:8)
  Robin (D:2)
  A howler monkey skeleton (Crypt:1)
  13 gnolls
  A steam dragon zombie (Crypt:2)
  11 adders
  2 shadow imps (Abyss:3)
  A white imp (D:6)
  4 ufetubi (Abyss:3)
  An adder zombie (Ossuary)
  4 dart slugs
  131 orcs
  A ball python (D:1)
  7 endoplasms
  5 giant cockroaches
  18 goblins
  10 hobgoblins
  12 jackals
  4 quokkas
  6 bats
  2 frilled lizards
  A giant cockroach zombie (Crypt:3)
  10 hobgoblin zombies (Ossuary)
  2 jackal zombies
  18 kobolds
  10 kobold zombies (Ossuary)
  2 orc skeletons (D:4)
  10 orc zombies
  8 rats
  2 rat zombies (Ossuary)
  4 briar patches (Swamp:4)
  5 creeping infernos
  35 fire vortices
  3 lurking horrors (Abyss:4)
  3 spectral weapons
  8 starspawn tentacles
  2 withered plants (Lair:5)
4418 creatures vanquished.

Vanquished Creatures (collateral kills)
  A fire dragon (D:11)
  A centaur warrior (D:11)
  A necromancer (D:11)
  A centaur simulacrum (D:11)
  A slime creature (D:13)
  4 yaks
  A human (Bailey)
  A redback simulacrum (D:11)
  A kobold brigand (D:7)
  A killer bee (D:9)
  A centaur zombie (D:8)
  3 orc priests
  2 orc wizards
  6 orcs
  2 goblins
  2 hobgoblins
  2 kobolds
31 creatures vanquished.

Vanquished Creatures (others)
  A pandemonium lord (Zig:26)
  An ancient lich (Zig:16)
  2 shard shrikes
  3 Tzitzimimeh (Zig:26)
  A hellephant (Geh:6)
  An Ice Fiend (Zig:26)
  2 draconian knights
  2 shard shrike simulacra
  2 cacodemons (Zig:26)
  A reaper (Zig:26)
  2 demonspawn corrupters (Zig:26)
  An elemental wellspring (Coc:5)
  A dire elephant (Abyss:4)
  An ogre mage (D:10)
  2 hell beasts (Zig:26)
  A merfolk aquamancer (Zig:6)
  2 vampire magi
  A naga sharpshooter (Zig:9)
  A deep elf knight (Zig:18)
  A large abomination (Abyss:3)
  A spectral jorogumo (Spider:4)
  A necromancer (Hell)
  A deep elf pyromancer (Elf:2)
  2 titan simulacra
  A smoke demon (Hell)
  A hellion (Geh:5)
  A kobold demonologist (D:10)
  A rime drake (Zig:20)
  A sea snake zombie (Hell)
  A tengu conjurer (D:13)
  A golden dragon simulacrum (Coc:5)
  An anaconda simulacrum (Coc:7)
  A bloated husk (Zig:12)
  A stone giant simulacrum (Coc:5)
  2 flying skulls (WizLab)
  An ushabti (Zig:24)
  A human (Bailey)
  A basilisk (shapeshifter) (Abyss:4)
  3 harpy simulacra
  A small abomination (Abyss:3)
  2 centaurs
  A howler monkey (D:12)
  An orc wizard (D:10)
  2 mummies
  7 orcs
  8 creeping infernos
  2 fire vortices
  24 foxfires
  23 fungi
  3 lurking horrors (Abyss:3)
  76 plants
  21 starspawn tentacles
  44 withered plants
267 creatures vanquished.

Grand Total: 4716 creatures vanquished

Notes
Turn   | Place    | Note
-------+----------+-------------------------------------------
     0 | D:1      | hwolsky the Minotaur Fighter began the quest for the Orb.
     0 | D:1      | Reached XP level 1. HP: 19/19 MP: 0/0
     0 | D:1      | Entered explore mode.
   303 | D:1      | Reached XP level 2. HP: 24/27 MP: 1/1
   589 | D:1      | Reached XP level 3. HP: 33/33 MP: 2/2
  1128 | D:2      | Noticed Robin
  1142 | D:2      | Reached XP level 4. HP: 13/40 MP: 3/3
  1143 | D:2      | Killed Robin
  1456 | D:2      | Gained mutation: You are vulnerable to cold. (rC-) [potion
                  | of mutation]
  1456 | D:2      | Gained mutation: You are clumsy. (Dex -2) [potion of
                  | mutation]
  1456 | D:2      | Gained mutation: You are occasionally teleported next to
                  | monsters. [potion of mutation]
 10995 | D:2      | Glimpsed the power of Zot.
 11053 | D:3      | Reached XP level 5. HP: 47/47 MP: 4/4
 11082 | D:3      | Found a burning altar of Makhleb.
 11222 | D:3      | Found a faded altar of an unknown god.
 11259 | D:3      | Found a sparkling altar of Nemelex Xobeh.
 11259 | D:3      | Found a glowing silver altar of Zin.
 11268 | D:3      | Found a snail-covered altar of Cheibriados.
 12040 | D:3      | Prayed at the altar of an unknown god.
 12040 | D:3      | Became a worshipper of Zin the Law-Giver
 12040 | D:3      | Reached * piety under Zin
 12040 | D:3      | Reached ** piety under Zin
 12043 | D:3      | Fell from the grace of Zin
 12453 | D:4      | Identified the +5 ring mail of Urenutaicu {Dex+2}
 12495 | D:4      | Reached skill level 5 in Axes
 12495 | D:4      | Reached skill level 5 in Shields
 12495 | D:4      | Reached XP level 6. HP: 42/55 MP: 5/5
 12497 | D:4      | Reached skill level 5 in Fighting
 12497 | D:4      | Reached skill level 5 in Armour
 12517 | D:4      | Found a sand-covered staircase.
 12528 | Ossuary  | Entered an ossuary
 12797 | Ossuary  | Reached XP level 7. HP: 28/61 MP: 6/6
 13095 | D:4      | Slain by a gnoll
                  | ... wielding a +0 spear
                  | (9 damage)
 13199 | D:4      | Found a staircase to the Ecumenical Temple.
 13229 | D:4      | Reached XP level 8. HP: 69/70 MP: 7/7
 13245 | Temple   | Entered the Ecumenical Temple
 13439 | Temple   | Became a worshipper of Warmaster Okawaru
 13495 | D:4      | Found a large runed translucent door.
 13495 | D:4      | Found a large runed translucent door.
 13496 | D:4      | Found a large runed translucent door.
 13496 | D:4      | Found a large runed translucent door.
 13529 | D:4      | Identified the +7 war axe of Pejoe {flame, rC++}
 13599 | D:4      | Reached * piety under Okawaru
 13909 | D:5      | Entered Level 5 of the Dungeon
 14103 | D:5      | Found an opulent altar of Gozag.
 14228 | D:5      | Noticed Duvessa
 14228 | D:5      | Noticed Dowan
 14234 | D:5      | Killed Dowan
 14239 | D:5      | Killed Duvessa
 14430 | D:5      | Reached skill level 1 in Invocations
 14445 | D:5      | Lost mutation: You are occasionally teleported next to
                  | monsters. [potion of mutation]
 14445 | D:5      | Lost mutation: You are clumsy. (Dex -2) [potion of
                  | mutation]
 14445 | D:5      | Gained mutation: Armour fits poorly on your strangely
                  | shaped body. [potion of mutation]
 14445 | D:5      | Gained mutation: You are partially covered in iridescent
                  | scales. (AC +2) [potion of mutation]
 14446 | D:5      | Lost mutation: You are vulnerable to cold. (rC-) [potion of
                  | mutation]
 14446 | D:5      | Lost mutation: Armour fits poorly on your strangely shaped
                  | body. [potion of mutation]
 14446 | D:5      | Lost mutation: You are partially covered in iridescent
                  | scales. (AC +2) [potion of mutation]
 14446 | D:5      | Gained mutation: You expend magic power (3 MP) to
                  | strengthen your wands. [potion of mutation]
 14573 | D:6      | Reached ** piety under Okawaru
 14626 | D:6      | Reached XP level 9. HP: 58/79 MP: 9/9
 14636 | D:6      | Found a shimmering blue altar of Sif Muna.
 14831 | D:6      | Reached *** piety under Okawaru
 14834 | D:6      | Reached skill level 10 in Axes
 15414 | D:6      | Found a faded altar of an unknown god.
 15415 | D:6      | Found a faded altar of an unknown god.
 15415 | D:6      | Found a hazy altar of Hepliaklqana.
 15784 | D:7      | Found a shimmering altar of Xom.
 15795 | D:7      | Found Kossog's Antique Armour Shop.
 15816 | D:7      | Found Tistrora's Armour Boutique.
 15830 | D:7      | Bought the +0 cloak of the Orcish Mines {rF- Str+4} for 154
                  | gold pieces
 15847 | D:7      | Found Daeppyo's Weapon Shop.
 15853 | D:7      | Bought a +0 broad axe of electrocution for 180 gold pieces
 15856 | D:7      | Found a stormy altar of Qazlal.
 16221 | D:7      | Found Wosinu's Antique Armour Boutique.
 16300 | D:7      | Found a radiant altar of Vehumet.
 16308 | D:7      | Reached XP level 10. HP: 88/88 MP: 11/11
 16425 | D:8      | Reached **** piety under Okawaru
 16455 | D:8      | Found a flagged portal.
 16474 | Bailey   | Entered a bailey
 16833 | Bailey   | Noticed Prince Ribbit
 16833 | Bailey   | Noticed a vault guard
 16845 | Bailey   | Killed Prince Ribbit
 16845 | Bailey   | Reached ***** piety under Okawaru
 16847 | Bailey   | Killed a vault guard
 16847 | Bailey   | Identified the +0 broad axe of Yvocusk {heavy, +Blink Int-4
                  | Dex+5} (Okawaru gifted it to you in a bailey)
 16847 | Bailey   | Received a gift from Okawaru
 17097 | Bailey   | Noticed a vault guard
 17106 | Bailey   | Killed a vault guard
 17195 | Bailey   | Reached skill level 5 in Invocations
 17551 | D:8      | Identified 2 scrolls of acquirement
 17552 | D:8      | Acquired 1050 gold pieces
 17554 | D:8      | Acquired the ring of Accord {Will+ Slay+5 Stlth-}
 17626 | D:8      | Noticed Pikel
 17628 | D:8      | Reached XP level 11. HP: 67/91 MP: 13/13
 17634 | D:8      | Killed Pikel
 17874 | D:8      | Noticed a death yak
 17883 | D:8      | Killed a death yak
 17884 | D:8      | Noticed a death yak
 17888 | D:8      | Noticed a death yak
 17891 | D:8      | HP: 4/99 [steam dragon (3)]
 17892 | D:8      | Engulfed by a steam dragon's steam (24 damage)
 17894 | D:8      | Killed a death yak
 17894 | D:8      | Received a gift from Okawaru
 17895 | D:8      | Reached skill level 10 in Armour
 17895 | D:8      | Killed a death yak
 17896 | D:8      | Reached skill level 10 in Fighting
 17896 | D:8      | Reached skill level 10 in Shields
 17896 | D:8      | Slain by a yak (20 damage)
 17897 | D:8      | Found a staircase to the Lair.
 18277 | D:8      | Found a shadowy altar of Dithmenos.
 18406 | D:9      | Noticed a two-headed ogre
 18406 | D:9      | Noticed rinse's ghost (novice MfGl)
 18406 | D:9      | Found a transporter.
 18407 | D:9      | Noticed an orc knight
 18410 | D:9      | Noticed a fire crab
 18414 | D:9      | Found a transporter.
 18421 | D:9      | Killed rinse's ghost
 18421 | D:9      | Killed a fire crab
 18422 | D:9      | Killed a two-headed ogre
 18422 | D:9      | Received a gift from Okawaru
 18422 | D:9      | Killed an orc knight
 18450 | D:9      | Identified the ring "Qygylayll" {Fly rC- Str+8 Dex+8
                  | Slay-3}
 18731 | D:9      | Identified the +1 robe of Okawaru's Regard {rF+ Dex+4}
                  | (Okawaru gifted it to you on level 9 of the Dungeon)
 18731 | D:9      | Received a gift from Okawaru
 18846 | D:9      | Reached ****** piety under Okawaru
 18847 | D:9      | Reached XP level 12. HP: 95/108 MP: 14/14
 18981 | D:9      | Identified the +6 quarterstaff of the Empty Page {vamp,
                  | rPois Int+2 SInv}
 19220 | D:9      | Found a sacrificial altar of Ru.
 19326 | D:10     | Entered Level 10 of the Dungeon
 19491 | D:10     | Noticed an ogre mage
 19498 | D:10     | Killed an ogre mage
 19509 | D:10     | HP: 4/110 [orc warrior/bolt (11)]
 19510 | D:10     | Killed from afar by an efreet (5 damage)
                  | ... with a fireball
 19523 | D:10     | Noticed a centaur warrior
 19529 | D:10     | HP: 4/108 [orc warrior/bolt (8)]
 19529 | D:10     | Noticed a centaur warrior
 19530 | D:10     | Killed a centaur warrior
 19530 | D:10     | Slain by a troll (5 damage)
 19542 | D:10     | Killed a centaur warrior
 19543 | D:10     | Reached skill level 15 in Axes
 19547 | D:10     | HP: 1/110 [orc warrior/+2 glaive of freezing (18)]
 19547 | D:10     | Slain by an orc warrior
                  | ... wielding a +2 glaive of freezing
                  | (1 damage)
 19893 | D:10     | Noticed a two-headed ogre
 19898 | D:10     | Killed a two-headed ogre
 20012 | D:10     | Received a gift from Okawaru
 20134 | D:10     | Found a hide-covered altar of Uskayaw.
 20134 | D:10     | Found a broken altar of Ashenzari.
 20140 | D:10     | Found a bloodstained altar of Trog.
 20535 | D:10     | Found a staircase to the Orcish Mines.
 20948 | D:11     | Noticed Grum
 20949 | D:11     | Noticed Fannar
 20957 | D:11     | Slain by Fannar
                  | ... wielding a staff of cold
                  | (9 damage)
 20963 | D:11     | Killed Fannar
 20965 | D:11     | Slain by a manticore (11 damage)
 20966 | D:11     | Killed Grum
 21026 | D:11     | Found a runed translucent door.
 21043 | D:11     | Noticed a fire dragon
 21045 | D:11     | Noticed a centaur warrior
 21045 | D:11     | Noticed an orc warlord
 21045 | D:11     | Noticed a lich
 21046 | D:11     | Noticed avangion's ghost (journeyman GnCj)
 21056 | D:11     | Found a runed translucent door.
 21077 | D:11     | Killed a lich
 21084 | D:11     | Killed a fire dragon
 21086 | D:11     | Killed a centaur warrior
 21086 | D:11     | HP: 2/112 [fire dragon simulacrum (6)]
 21087 | D:11     | Reached XP level 13. HP: 2/118 MP: 15/15
 21087 | D:11     | Killed avangion's ghost
 21087 | D:11     | Mangled by a skeletal warrior
                  | ... wielding a +0 scimitar
                  | (8 damage)
 21100 | D:11     | Slain by an orc warlord
                  | ... wielding a +0 long sword
                  | (14 damage)
 21107 | D:11     | Killed an orc warlord
 21212 | D:11     | Identified the ring of Urid Lei {Ice rN++}
 21326 | D:11     | Noticed Erolcha
 21331 | D:11     | Killed Erolcha
 21962 | D:12     | Identified the +8 executioner's axe "Nuacot" {freeze, Str-3
                  | Dex+4} (Okawaru gifted it to you on level 12 of the
                  | Dungeon)
 21962 | D:12     | Received a gift from Okawaru
 23118 | D:13     | Noticed Kirke
 23138 | D:13     | Killed Kirke
 23664 | D:13     | Found a gate to the Vaults.
 23668 | D:13     | Received a gift from Okawaru
 23870 | D:13     | Found a portal to a secret trove of treasure.
 24335 | D:13     | Shot with a bolt by a tengu warrior (23 damage)
 24988 | Lair:1   | Entered Level 1 of the Lair of Beasts
 25010 | Lair:1   | Received a gift from Okawaru
 25676 | Lair:2   | Found a gate leading to a gauntlet.
 25692 | Gauntlet | Entered a Gauntlet
 25692 | Gauntlet | Found a transporter.
 25704 | Gauntlet | Found a transporter.
 25707 | Gauntlet | Noticed a quicksilver ooze
 25719 | Gauntlet | Found a runed translucent gate.
 25719 | Gauntlet | Found a runed translucent gate.
 25721 | Gauntlet | Found a transporter.
 25725 | Gauntlet | Found a transporter.
 25727 | Gauntlet | Found a large runed translucent door.
 25728 | Gauntlet | Found a large runed translucent door.
 25729 | Gauntlet | Found a large runed translucent door.
 25729 | Gauntlet | Found a large runed translucent door.
 25729 | Gauntlet | Found a runed translucent door.
 25730 | Gauntlet | Found a large runed translucent door.
 25731 | Gauntlet | Found a large runed translucent door.
 25732 | Gauntlet | Found a large runed translucent door.
 25732 | Gauntlet | Found a large runed translucent door.
 25733 | Gauntlet | Found a runed translucent gate.
 25746 | Gauntlet | Found a transporter.
 25746 | Gauntlet | Found a runed translucent gate.
 25747 | Gauntlet | Found a runed translucent gate.
 25749 | Gauntlet | Found a large runed translucent door.
 25750 | Gauntlet | Found a large runed translucent door.
 25758 | Gauntlet | Found a large runed translucent door.
 25759 | Gauntlet | Found a transporter.
 25763 | Gauntlet | Found a large runed translucent door.
 25764 | Gauntlet | Found a large runed translucent door.
 25764 | Gauntlet | Found a large runed translucent door.
 25764 | Gauntlet | Found a runed translucent door.
 25765 | Gauntlet | Found a large runed translucent door.
 25766 | Gauntlet | Found a large runed translucent door.
 25770 | Gauntlet | Found a transporter.
 25771 | Gauntlet | Found a transporter.
 25774 | Gauntlet | Found a runed translucent gate.
 25802 | Gauntlet | Found a transporter.
 25831 | Gauntlet | Found a transporter.
 25831 | Gauntlet | Found a transporter.
 25836 | Gauntlet | Found a transporter.
 26024 | Gauntlet | Killed a quicksilver ooze
 26029 | Gauntlet | Identified the +0 pair of boots "Leipt" {Str+3}
 26048 | Gauntlet | Reached skill level 15 in Fighting
 26048 | Gauntlet | Reached XP level 14. HP: 95/135 MP: 13/16
 26049 | Gauntlet | Reached skill level 15 in Shields
 26049 | Gauntlet | Reached XP level 15. HP: 99/141 MP: 13/17
 26168 | Gauntlet | Reached XP level 16. HP: 113/149 MP: 18/18
 26486 | Gauntlet | Identified the +9 mace of Beogh {freeze, *Noise rF+++ rC+++
                  | Dex-4}
 26762 | Lair:2   | Found a staircase to the Swamp.
 28571 | Lair:3   | Found an opulent altar of Gozag.
 28663 | Lair:3   | Found a hole to the Spider Nest.
 28894 | Lair:4   | Identified the amulet "Qahathre" {Reflect Int+6 SH+5
                  | Stlth+}
 29104 | Lair:4   | Found a runed translucent door.
 29109 | Lair:4   | Noticed turdburglar's ghost (journeyman TrBe)
 29120 | Lair:4   | Killed turdburglar's ghost
 29120 | Lair:4   | Received a gift from Okawaru
 29784 | Lair:5   | Entered Level 5 of the Lair of Beasts
 29885 | Lair:5   | Found a viscous altar of Jiyva.
 29885 | Lair:5   | Found a staircase to the Slime Pits.
 30605 | Lair:5   | Identified the +2 scale mail of the Stone Wall {Dex+5}
 30836 | Lair:5   | Received a gift from Okawaru
 30836 | Lair:5   | Found the +8 orange crystal plate armour {Archmagi, Int+3
                  | Clar}
 31616 | D:14     | Found a shimmering altar of Xom.
 31646 | D:14     | Reached skill level 15 in Armour
 32184 | D:15     | Entered Level 15 of the Dungeon
 32240 | D:15     | Reached XP level 17. HP: 146/159 MP: 19/19
 32246 | D:15     | Found a staircase to the Depths.
 32964 | D:15     | Found an ornate altar of the Wu Jian Council.
 33389 | Swamp:1  | Entered Level 1 of the Swamp
 33513 | Swamp:1  | Found a bloodstained altar of Trog.
 33828 | Swamp:1  | Received a gift from Okawaru
 34114 | Swamp:2  | Noticed Frances
 34130 | Swamp:2  | Killed Frances
 34358 | Swamp:2  | Noticed Roxanne
 34595 | Swamp:2  | Identified the +1 scale mail of Nyuck {rC- Str+5 Int+3}
 34981 | Swamp:2  | Killed Roxanne
 36013 | Swamp:4  | Entered Level 4 of the Swamp
 36013 | Swamp:4  | Noticed turdburglar's ghost (adept TrFi)
 36013 | Swamp:4  | Identified the +7 rapier of Melee {chaos, *Noise rPois
                  | Str+2}
 36013 | Swamp:4  | Found a runed translucent door.
 36013 | Swamp:4  | Found a shimmering altar of Xom.
 36023 | Swamp:4  | Identified the +4 ring mail of Ducak {rC+ Dex+4 Slay-3}
                  | (Okawaru gifted it to you on level 4 of the Swamp)
 36023 | Swamp:4  | Received a gift from Okawaru
 36240 | Swamp:4  | Killed turdburglar's ghost
 36240 | Swamp:4  | Paralysed by a hornet for 3 turns
 36556 | Swamp:4  | Paralysed by a vampire knight for 4 turns
 36557 | Swamp:4  | HP: 8/162 [ten-headed hydra (1)]
 36557 | Swamp:4  | Mangled by a vampire knight
                  | ... wielding a +1 battleaxe
                  | (14 damage)
                  | ... while paralysed by a vampire knight
 36562 | Swamp:4  | HP: 3/162 [spriggan rider/+0 spear (16)]
 36562 | Swamp:4  | HP: 1/162 [vampire knight/+1 battleaxe (2)]
 36563 | Swamp:4  | Mangled by a spriggan
                  | ... wielding a +2 dagger of venom
                  | (8 damage)
 36580 | Swamp:4  | HP: 5/162 [21-headed hydra skeleton (5)]
 36580 | Swamp:4  | HP: 1/162 [21-headed hydra skeleton (4)]
 36580 | Swamp:4  | Slain by a 21-headed hydra skeleton (3 damage)
 36826 | Swamp:4  | Reached XP level 18. HP: 161/171 MP: 20/20
 36834 | Swamp:4  | Found a blossoming altar of Fedhas.
 36850 | Swamp:4  | Killed from afar by a thorn hunter (20 damage)
                  | ... with a volley of thorns
 36866 | Swamp:4  | HP: 8/171 [flayed ghost/flay_damage (1)]
 36867 | Swamp:4  | HP: 2/171 [oklob plant/splash of acid (6)]
 36870 | Swamp:4  | Killed from afar by an oklob plant (5 damage)
                  | ... with a splash of acid
 36954 | Swamp:4  | Found a basalt altar of Yredelemnul.
 36967 | Swamp:4  | Got a decaying rune of Zot
 37157 | Spider:1 | Entered Level 1 of the Spider Nest
 37191 | Spider:1 | Received a gift from Okawaru
 38609 | Spider:1 | Identified the +9 broad axe of Righteous Anger {freeze,
                  | Dex+2} (Okawaru gifted it to you on level 1 of the Spider
                  | Nest)
 38609 | Spider:1 | Received a gift from Okawaru
 38658 | Spider:1 | Noticed Donald
 38666 | Spider:1 | Killed Donald
 39286 | Spider:2 | Noticed Louise
 39306 | Spider:2 | Killed Louise
 39514 | Spider:2 | Noticed Azrael
 39521 | Spider:2 | Killed Azrael
 39936 | Spider:2 | Noticed Jorgrun
 39947 | Spider:2 | Killed Jorgrun
 40427 | Spider:3 | Identified the +2 ring mail "Nanem" {Will+} (Okawaru gifted
                  | it to you on level 3 of the Spider Nest)
 40427 | Spider:3 | Received a gift from Okawaru
 40581 | Spider:3 | Noticed Asterion
 40588 | Spider:3 | Noticed Arachne
 40594 | Spider:3 | Killed Asterion
 40614 | Spider:3 | Killed Arachne
 41230 | Spider:4 | Entered Level 4 of the Spider Nest
 41786 | Spider:4 | Received a gift from Okawaru
 41798 | Spider:4 | Reached XP level 19. HP: 177/183 MP: 1/21
 41947 | Spider:4 | Found a runed translucent gate.
 41947 | Spider:4 | Found a runed translucent gate.
 41948 | Spider:4 | Found a runed translucent gate.
 41954 | Spider:4 | Noticed Ozixysch's ghost (journeyman TeAE)
 41967 | Spider:4 | Killed Ozixysch's ghost
 42122 | Spider:4 | Received a gift from Okawaru
 42135 | Spider:4 | Paralysed by a hornet for 3 turns
 42190 | Spider:4 | Got a gossamer rune of Zot
 43032 | Orc:1    | Entered Level 1 of the Orcish Mines
 43173 | Orc:1    | Reached skill level 1 in Throwing
 43235 | Orc:1    | Found a burning altar of Makhleb.
 43646 | Orc:2    | Entered Level 2 of the Orcish Mines
 43768 | Orc:2    | Found Righaaju's Assorted Antiques.
 43793 | Orc:2    | Bought a pair of embroidered gloves for 232 gold pieces
 43820 | Orc:2    | Found Utalom's Assorted Antiques.
 43834 | Orc:2    | Bought a scroll of acquirement for 1508 gold pieces
 43901 | Orc:2    | Found a staircase to the Elven Halls.
 43901 | Orc:2    | Found Emuov's Weapon Shop.
 43901 | Orc:2    | Found Ziwnipis's Antique Armour Shoppe.
 44673 | Orc:2    | Bought a pair of embroidered boots for 277 gold pieces
 44907 | Depths:1 | Entered Level 1 of the Depths
 45083 | Depths:1 | HP: 2/184 [merfolk impaler/+1 trident of flaming (8)]
 45083 | Depths:1 | Slain by a merfolk impaler
                  | ... wielding a +1 trident of flaming
                  | (4 damage)
 45402 | Depths:1 | Noticed Bai Suzhen
 45414 | Depths:1 | Killed Bai Suzhen
 45414 | Depths:1 | Received a gift from Okawaru
 45732 | Depths:1 | Found a one-way gate to the infinite horrors of the Abyss.
 46119 | Depths:1 | Found a gateway to Hell.
 46160 | Depths:1 | Found Taqiti Wecu's Magic Scroll Shop.
 46305 | Depths:1 | Found a runed translucent door.
 46334 | Depths:1 | HP: 1/185 [crystal guardian/crystal bolt (21)]
 46336 | Depths:1 | Killed from afar by a crystal guardian (88 damage)
                  | ... with a crystal bolt
 46341 | Depths:1 | Identified the +0 war axe "Cimuguysch" {heavy, *Corrode
                  | +Blink Dex+5} (Okawaru gifted it to you on level 1 of the
                  | Depths)
 46341 | Depths:1 | Received a gift from Okawaru
 46406 | Depths:1 | Got the Quarto of the Wild Burn
 46413 | Depths:1 | Identified the +8 chain mail "Ikleischa" {rC++}
 46796 | Depths:2 | Received a gift from Okawaru
 47080 | Depths:2 | Reached skill level 5 in Throwing
 47187 | Depths:2 | Found a one-way gate leading to the halls of Pandemonium.
 47201 | Depths:2 | Reached XP level 20. HP: 144/194 MP: 24/24
 47645 | Depths:2 | Got the Meditations on Shapeshifting and Fascination
 47669 | Depths:2 | Received a gift from Okawaru
 47963 | Depths:3 | Received a gift from Okawaru
 48162 | Depths:3 | Identified the +9 broad axe "Mylytie" {flame, Drain rPois
                  | rF+ Str+3} (Okawaru gifted it to you on level 3 of the
                  | Depths)
 48162 | Depths:3 | Received a gift from Okawaru
 48481 | Depths:3 | HP: 8/195 [titan/bolt of lightning (20)]
 48481 | Depths:3 | Killed from afar by a titan (26 damage)
                  | ... with a bolt of lightning
 48482 | Depths:3 | Noticed a golden dragon
 48493 | Depths:3 | Killed a golden dragon
 49145 | Depths:3 | Received a gift from Okawaru
 49392 | Depths:4 | Entered Level 4 of the Depths
 49392 | Depths:4 | Noticed a golden dragon
 49393 | Depths:4 | Found a one-way gateway to a ziggurat.
 49400 | Depths:4 | Killed a golden dragon
 49400 | Depths:4 | Received a gift from Okawaru
 49662 | Zig:1    | Entered Level 1 of a ziggurat
 49664 | Zig:1    | Noticed a dread lich
 49675 | Zig:1    | Noticed a dread lich
 49676 | Zig:1    | Noticed an ancient lich
 49985 | Zig:2    | Entered Level 2 of a ziggurat
 50029 | Zig:3    | Entered Level 3 of a ziggurat
 50042 | Zig:3    | Identified the +2 ring mail of Charity {rC+ MP+9} (Okawaru
                  | gifted it to you on level 3 of a ziggurat)
 50042 | Zig:3    | Received a gift from Okawaru
 50070 | Zig:4    | Entered Level 4 of a ziggurat
 50108 | Zig:4    | Identified the ring "Nops" {rN+ Str-3 Int+2 Dex+3}
 50127 | Zig:4    | Reached skill level 10 in Invocations
 50127 | Zig:4    | Reached XP level 21. HP: 147/204 MP: 25/27
 50128 | Zig:4    | Reached XP level 22. HP: 154/213 MP: 25/28
 50131 | Zig:5    | Entered Level 5 of a ziggurat
 50164 | Zig:5    | Identified the +6 halberd of Embarrassment {flame, Int+3}
 50183 | Zig:6    | Entered Level 6 of a ziggurat
 50191 | Zig:6    | HP: 10/213 [daeva/divine providence (12)]
 50192 | Zig:6    | Killed by divine providence
                  | ... invoked by a daeva
                  | (16 damage)
 50250 | Zig:6    | Got Bikhips's Papyrus of the Cwm and Nightshade
 50253 | Zig:6    | Identified the staff of earth "Osac" {Str+3 Int+4}
 50266 | Zig:7    | Entered Level 7 of a ziggurat
 50312 | Zig:8    | Entered Level 8 of a ziggurat
 50321 | Zig:8    | Noticed Neenn the pandemonium lord
 50339 | Zig:8    | Killed Neenn the pandemonium lord
 50394 | Zig:9    | Entered Level 9 of a ziggurat
 50680 | Zig:9    | HP: 4/213 [nagaraja/bolt of poison (9)]
 50680 | Zig:9    | Mangled by a nagaraja
                  | ... wielding a +0 spear
                  | (13 damage)
 51083 | Zig:9    | Identified the +9 hand axe of Conformity {drain, Fly Dex+2}
 51123 | Zig:10   | Entered Level 10 of a ziggurat
 51143 | Zig:10   | Reached XP level 23. HP: 146/221 MP: 0/30
 51532 | Zig:10   | Identified the +3 ring mail of the Northern Lights {Dex+2}
 51564 | Zig:11   | Entered Level 11 of a ziggurat
 51575 | Zig:11   | Noticed a dread lich
 51576 | Zig:11   | Noticed a dread lich
 51580 | Zig:11   | Received a gift from Okawaru
 51581 | Zig:11   | Paralysed by a dread lich for 2 turns
 51587 | Zig:11   | Paralysed by a dread lich for 5 turns
 51589 | Zig:11   | HP: 10/221 [frost giant/bolt of cold (22)]
 51589 | Zig:11   | HP: 1/221 [orc knight/+0 halberd (9)]
 51589 | Zig:11   | Slain by a dread lich (3 damage)
                  | ... while paralysed by a dread lich
 51594 | Zig:11   | Killed a dread lich
 51594 | Zig:11   | HP: 2/212 [Brimstone Fiend[a dread lich] (4)]
 51595 | Zig:11   | Slain by a Brimstone Fiend (3 damage)
                  | ... summoned by a dread lich
 51607 | Zig:11   | Killed a dread lich
 51641 | Zig:11   | Identified the +7 long sword of the Forgotten Seers {speed,
                  | Str+2}
 51733 | Depths:4 | Reached skill level 10 in Throwing
 51734 | Depths:4 | Noticed Margery
 51741 | Depths:4 | Found Oklyoruc's Antique Armour Boutique.
 51755 | Depths:4 | Found Secib's Jewellery Shop.
 51765 | Depths:4 | Received a gift from Okawaru
 51769 | Depths:4 | Killed from afar by a shadow dragon (38 damage)
                  | ... with a bolt of negative energy
 51779 | Depths:4 | Killed Margery
 51786 | Depths:4 | Noticed Xtahua
 51788 | Depths:4 | Found Qumn's Antique Armour Boutique.
 51808 | Depths:4 | Killed Xtahua
 51991 | D:13     | Upgraded the game from 0.30-a0-1163-gf69bf04e7a to
                  | 0.30-a0-1164-ge08a67761e
 52049 | D:13     | You paid a toll of 2 scrolls of acquirement to enter a
                  | treasure trove
 52050 | Trove    | Entered a treasure trove
 52055 | Trove    | Found the ring of the Tortoise {AC+8}
 52079 | Trove    | Identified the ring "Taos" {Fly rElec Slay+2}
 52083 | Trove    | Identified the amulet of Iludotz {Spirit rPois Regen+
                  | Stlth-}
 52089 | Trove    | Identified the +1 pair of boots "Suhaesek" {+Inv Fly Str+4
                  | Stlth-}
 52107 | Trove    | Identified the ring of Ikhlomn {Fly Dex+5 Slay-5}
 52416 | Elf:1    | Entered Level 1 of the Elven Halls
 52535 | Elf:1    | Found Zacyqeci's Antique Weapon Emporium.
 53122 | Elf:2    | Found Oquoll's Weapon Shop.
 53181 | Elf:2    | Identified the +4 kite shield "Ceozoum" {Int-4 Dex+4}
 53401 | Elf:2    | Found a runed translucent gate.
 53401 | Elf:2    | Found a runed translucent gate.
 53401 | Elf:2    | Found a runed translucent gate.
 53993 | Elf:3    | Entered Level 3 of the Elven Halls
 54018 | Elf:3    | Found a frozen archway.
 54030 | IceCv    | Entered an ice cave
 54053 | IceCv    | Received a gift from Okawaru
 54204 | IceCv    | Received a gift from Okawaru
 54297 | IceCv    | Identified the +2 shortbow "Rummage" {elec, +Blink rC++
                  | Str-3}
 54699 | Elf:3    | Found Tiunoela's Distillery.
 54935 | Elf:3    | Found Mimeiq's Assorted Antiques.
 54937 | Elf:3    | Found Xeryraidgh's Book Shoppe.
 54960 | Elf:3    | Bought a manual of Throwing for 1360 gold pieces
 55065 | Elf:3    | Reached XP level 24. HP: 233/233 MP: 31/31
 55321 | Elf:3    | Killed from afar by a Hell Sentinel (28 damage)
                  | ... with damnation
                  | ... summoned by a deep elf demonologist
 55340 | Elf:3    | HP: 1/208 [balrug/divine providence[a deep elf
                  | demonologist] (12)]
 55342 | Elf:3    | Killed by divine providence
                  | ... invoked by a balrug
                  | ... summoned by a deep elf demonologist
                  | (12 damage)
 55344 | Elf:3    | Received a gift from Okawaru
 55353 | Elf:3    | HP: 4/188 [lorocyproca[a deep elf demonologist] (20)]
 55354 | Elf:3    | Killed by vampiric draining
                  | ... invoked by a deep elf death mage
                  | (12 damage)
 55360 | Elf:3    | Received a gift from Okawaru
 55544 | Elf:3    | Got the Atlas of Grey Relocation
 55581 | Elf:3    | Found the +7 captain's cutlass {speed, disarm}
 55654 | Elf:3    | Identified the staff of cold "Syqahuje" {*Corrode rC+ rN+++
                  | Will+ Int-3}
 55655 | Elf:3    | Identified the +8 shortbow of Juusifusk {drain, rC+}
 55746 | Elf:3    | Identified the +4 rapier "Umos" {heavy, rElec rN+ Will++}
 55750 | Elf:3    | Identified the +6 dire flail "Enalasidgh" {flame, rC++ SInv
                  | Stlth+}
 55764 | Elf:3    | Identified the +6 shortbow "Calaniost" {flame, rElec rN++}
 55765 | Elf:3    | Identified the staff of cold "Wuaraal" {rF++ rC+}
 55957 | Elf:3    | Paralysed by an air elemental for 1 turns
 55959 | Elf:3    | Paralysed by an air elemental for 1 turns
 56149 | Elf:3    | Bought an Inescapable Atlas for 544 gold pieces
 56149 | Elf:3    | Bought a Necronomicon for 952 gold pieces
 56149 | Elf:3    | Bought the Compilation of Blasted Metal for 510 gold pieces
 56492 | Slime:1  | Entered Level 1 of the Pits of Slime
 57187 | Slime:2  | Gained mutation: You occasionally lose the ability to drink
                  | potions when taking damage. [a shining eye]
 57208 | Slime:2  | Received a gift from Okawaru
 57333 | Slime:3  | Gained mutation: You have hidden genetic defects. [a
                  | shining eye]
 57556 | Slime:3  | Acquired the -2 hat of the Alchemist {rElec rPois rF+ rC+
                  | rN+ Will+ rMut rCorr}
 57556 | Slime:3  | Found the -2 hat of the Alchemist {rElec rPois rF+ rC+ rN+
                  | Will+ rMut rCorr}
 57585 | Slime:4  | Gained mutation: You sometimes lose the ability to drink
                  | potions when taking damage. [a shining eye]
 57592 | Slime:4  | Received a gift from Okawaru
 57667 | Slime:4  | Received a gift from Okawaru
 57714 | Slime:4  | Gained mutation: You sometimes lose your temper in combat.
                  | [a shining eye]
 57906 | Slime:5  | Entered Level 5 of the Pits of Slime
 57934 | Slime:5  | Received a gift from Okawaru
 57945 | Slime:5  | Gained mutation: You are vulnerable to cold. (rC-) [a
                  | shining eye]
 57947 | Slime:5  | Noticed the Royal Jelly
 57983 | Slime:5  | Demolished by an azure jelly (57 damage)
                  | ... created by the Royal Jelly
 57984 | Slime:5  | Upgraded the game from 0.30-a0-1164-ge08a67761e to
                  | 0.31-a0-1-g4198be8af4
 58015 | Slime:5  | Killed the Royal Jelly
 58020 | Slime:5  | HP: 1/235 [rockslime (21)]
 58020 | Slime:5  | Slain by an azure jelly (1 damage)
                  | ... created by the Royal Jelly
 58032 | Slime:5  | Gained mutation: Your spells are a little easier to cast,
                  | but a little less powerful. [hidden defects]
 58133 | Slime:5  | Received a gift from Okawaru
 58165 | Slime:5  | Gained mutation: Armour fits poorly on your strangely
                  | shaped body. [a shining eye]
 58251 | Slime:5  | Identified the staff of death "Fukhlag" {+Blink rPois rN+
                  | Dex+4}
 58323 | Slime:5  | Identified the +6 swamp dragon scales of Starshine {rPois
                  | Str-4 Int+5 Dex+5}
 58329 | Slime:5  | Identified the staff of death "Cihetium" {rN+ Int+3}
 58331 | Slime:5  | Got a slimy rune of Zot
 58364 | Slime:5  | Identified the staff of poison "Furchet" {rPois Int+6}
 58367 | Slime:5  | Identified the +10 shortbow of Papsiac {heavy, rPois rF+
                  | SInv}
 58755 | Slime:5  | Lost mutation: You have hidden genetic defects. [potion of
                  | mutation]
 58755 | Slime:5  | Lost mutation: You sometimes lose your temper in combat.
                  | [potion of mutation]
 58755 | Slime:5  | Gained mutation: You have hidden genetic potential. [potion
                  | of mutation]
 58756 | Slime:5  | Lost mutation: Armour fits poorly on your strangely shaped
                  | body. [potion of mutation]
 58756 | Slime:5  | Lost mutation: You have hidden genetic potential. [potion
                  | of mutation]
 58757 | Slime:5  | Lost mutation: You expend magic power (3 MP) to strengthen
                  | your wands. [potion of mutation]
 58757 | Slime:5  | Lost mutation: You are vulnerable to cold. (rC-) [potion of
                  | mutation]
 58757 | Slime:5  | Lost mutation: Your spells are a little easier to cast, but
                  | a little less powerful. [potion of mutation]
 58757 | Slime:5  | Gained mutation: You are frail. (-10% HP) [potion of
                  | mutation]
 58758 | Slime:5  | Lost mutation: You are frail. (-10% HP) [potion of
                  | mutation]
 58758 | Slime:5  | Lost mutation: You sometimes lose the ability to drink
                  | potions when taking damage. [potion of mutation]
 58758 | Slime:5  | Lost mutation: You occasionally lose the ability to drink
                  | potions when taking damage. [potion of mutation]
 59326 | Vaults:1 | Entered Level 1 of the Vaults
 59353 | Vaults:1 | Received a gift from Okawaru
 60306 | Vaults:1 | Reached XP level 25. HP: 243/243 MP: 32/32
 60705 | Vaults:1 | Noticed Saint Roka
 60710 | Vaults:1 | Learned a level 2 spell: Passwall
 60728 | Vaults:1 | Killed Saint Roka
 60920 | Vaults:2 | Reached skill level 1 in Transmutations
 60921 | Vaults:2 | Reached skill level 1 in Earth Magic
 60924 | Vaults:2 | Reached skill level 1 in Spellcasting
 60974 | Vaults:2 | Received a gift from Okawaru
 61424 | Vaults:2 | Found a staircase to the Crypt.
 61901 | Vaults:3 | Found Mahouw's General Store.
 62131 | Vaults:3 | Identified the +0 robe of a sewer {rF+ Regen+}
 62738 | Vaults:3 | Received a gift from Okawaru
 62754 | Vaults:3 | Identified the +0 plate armour of Peeb {rN+ Will+ Int+3
                  | Dex+3}
 63060 | Vaults:4 | Received a gift from Okawaru
 63069 | Vaults:4 | Noticed an ancient lich
 63078 | Vaults:4 | Killed an ancient lich
 63089 | Vaults:4 | Found Ileubut's Distillery.
 63141 | Vaults:4 | Identified the +0 plate armour "Yluligos" {Harm rF+ Int+4}
                  | (Okawaru gifted it to you on level 4 of the Vaults)
 63141 | Vaults:4 | Received a gift from Okawaru
 63177 | Vaults:4 | Identified the staff of death "Wecumunk" {rC+ rN+ Will+
                  | MP+9 Int-2}
 63178 | Vaults:4 | Identified the +3 longbow of the Sixty-Six Seers {flame,
                  | Dex+5}
 63556 | Vaults:4 | Identified the +6 spear "Dothif" {flame, SInv}
 63773 | Vaults:5 | Entered Level 5 of the Vaults
 63796 | Vaults:4 | Reached skill level 5 in Transmutations
 63806 | Vaults:4 | Reached skill level 5 in Earth Magic
 63977 | Vaults:5 | Reached XP level 26. HP: 201/245 MP: 30/32
 63981 | Vaults:5 | Identified the staff of poison "Useafa" {rPois rC- Will+
                  | Str+3 Int+3}
 64057 | Vaults:5 | Reached skill level 5 in Spellcasting
 64070 | Vaults:5 | Identified the +1 robe "Ikeax" {rF- rC+ rN+++ Str-3 Slay+2}
 64094 | Vaults:5 | Noticed an ancient lich
 64104 | Vaults:5 | Killed an ancient lich
 64259 | Vaults:5 | Got a silver rune of Zot
 64387 | Vaults:5 | Identified the ring of Yxtuic {EV+5 Dex+2 Slay+5}
 64404 | Vaults:5 | Identified the +1 pair of gloves of Untruth {rPois rCorr
                  | Str-3 Int+2} (Okawaru gifted it to you on level 5 of the
                  | Vaults)
 64404 | Vaults:5 | Received a gift from Okawaru
 64483 | Vaults:5 | Identified the +1 ring mail of the Miller {Rampage rC+}
 64629 | Vaults:5 | Noticed Jory
 64644 | Vaults:5 | Killed Jory
 64824 | Vaults:5 | Identified the +1 great sword of Zealous Responsibility
                  | {venom, rPois rN+++ Will+ Str-4}
 64830 | Vaults:5 | Identified the +5 great sword "Wuarphi" {antimagic, *Rage
                  | Int+5}
 64840 | Vaults:5 | Identified the staff of cold "Eskuv" {*Slow rElec rC+
                  | Int+6}
 65042 | Vaults:5 | Identified the +9 great sword "Q" {freeze, rC+ Dex+2}
 65043 | Vaults:5 | Identified the +5 trident "Sitaliud" {freeze, rN++ rCorr}
 65535 | Crypt:1  | Entered Level 1 of the Crypt
 65695 | Crypt:1  | Found a magical portal.
 65711 | WizLab   | Entered Borgnjor's Mausoleum
 66269 | Crypt:1  | Found a runed translucent door.
 66270 | Crypt:1  | Found a shimmering altar of Xom.
 66270 | Crypt:1  | Noticed Hali's ghost (veteran FoFi)
 66287 | Crypt:1  | Killed Hali's ghost
 66508 | Crypt:1  | Received a gift from Okawaru
 66625 | Crypt:1  | You are sucked into a shaft and drop 1 floor!
 67991 | Crypt:2  | Learned a level 5 spell: Arcjolt
 68005 | Crypt:3  | Entered Level 3 of the Crypt
 68035 | Crypt:3  | Reached XP level 27. HP: 243/264 MP: 30/32
 68145 | Crypt:3  | Identified the +1 leather armour "Goitemukk" {rF+ SInv}
 68164 | Crypt:3  | Reached skill level 1 in Air Magic
 68198 | Crypt:3  | Received a gift from Okawaru
 68418 | Crypt:3  | Received a gift from Okawaru
 68647 | Crypt:3  | Found an ancient bone altar of Kikubaaqudgha.
 68651 | Crypt:3  | Found a basalt altar of Yredelemnul.
 68889 | Crypt:3  | Identified the +6 shortbow of the Beasts {heavy, rPois
                  | Will+ MP+9}
 69411 | Crypt:3  | Found a staircase to the Tomb.
 69417 | Crypt:3  | Received a gift from Okawaru
 69494 | Tomb:1   | Entered Level 1 of the Tomb of the Ancients
 69606 | Tomb:1   | Reached skill level 1 in Conjurations
 69767 | Tomb:1   | Paralysed by a sphinx for 4 turns
 69771 | Tomb:1   | Noticed Boris
 69790 | Tomb:1   | Killed Boris
 69975 | Tomb:1   | Noticed a royal mummy
 69983 | Tomb:1   | Noticed Khufu
 69991 | Tomb:1   | Noticed a royal mummy
 70012 | Tomb:1   | HP: 12/266 [death scarab[Khufu] (13)]
 70015 | Tomb:1   | Noticed a royal mummy
 70017 | Tomb:1   | Slain by Khufu (14 damage)
 70024 | Tomb:1   | Killed Khufu
 70024 | Tomb:1   | Killed a royal mummy
 70035 | Tomb:1   | Killed a royal mummy
 70045 | Tomb:1   | Killed a royal mummy
 70848 | Tomb:2   | Noticed a royal mummy
 70848 | Tomb:2   | Noticed a royal mummy
 70849 | Tomb:2   | Noticed a royal mummy
 70857 | Tomb:2   | Noticed a royal mummy
 70858 | Tomb:2   | HP: 10/255 [??? (4)]
 70859 | Tomb:2   | HP: 2/256 [death scarab[a royal mummy] (10)]
 70859 | Tomb:2   | Slain by a bennu (3 damage)
 70869 | Tomb:2   | Killed a royal mummy
 70869 | Tomb:2   | Received a gift from Okawaru
 70870 | Tomb:2   | HP: 8/260 [royal mummy/+0 rapier (14)]
 70871 | Tomb:2   | Engulfed by an ushabti's foul pestilence (11 damage)
 70877 | Tomb:2   | HP: 12/253 [??? (8)]
 70878 | Tomb:2   | HP: 1/253 [emperor scorpion[a royal mummy] (11)]
 70878 | Tomb:2   | Killed by divine providence
                  | ... invoked by a mummy priest
                  | (10 damage)
 70886 | Tomb:2   | Killed a royal mummy
 70886 | Tomb:2   | HP: 8/253 [mummy priest/divine providence (12)]
 70888 | Tomb:2   | Killed by a guardian mummy's death curse (12 damage)
 70890 | Tomb:2   | Reached skill level 5 in Air Magic
 70892 | Tomb:2   | HP: 7/260 [jiangshi[a mummy priest] (9)]
 70892 | Tomb:2   | Killed by divine providence
                  | ... invoked by a mummy priest
                  | (12 damage)
 70893 | Tomb:2   | Killed a royal mummy
 70898 | Tomb:2   | Killed a royal mummy
 70898 | Tomb:2   | Killed by a royal mummy's death curse (18 damage)
 70902 | Tomb:2   | HP: 8/266 [poisoned by an ushabti (dark miasma)]
 71742 | Tomb:1   | Noticed a royal mummy
 71742 | Tomb:1   | Noticed a royal mummy
 71744 | Tomb:1   | Noticed a royal mummy
 71745 | Tomb:1   | Noticed a royal mummy
 71750 | Tomb:1   | Killed a royal mummy
 71750 | Tomb:1   | Noticed a royal mummy
 71754 | Tomb:1   | HP: 13/261 [emperor scorpion[a royal mummy] (2)]
 71755 | Tomb:1   | Noticed a royal mummy
 71757 | Tomb:1   | Slain by a death scarab (16 damage)
                  | ... summoned by a royal mummy
 72044 | Tomb:1   | Noticed a royal mummy
 72052 | Tomb:1   | Noticed a royal mummy
 72055 | Tomb:1   | HP: 9/261 [poison (dark miasma)]
 72056 | Tomb:1   | HP: 3/261 [something (4)]
 72056 | Tomb:1   | Succumbed to poison (dark miasma)
 72061 | Tomb:1   | Killed a royal mummy
 72061 | Tomb:1   | HP: 3/261 [something (11)]
 72061 | Tomb:1   | HP: 1/261 [poison (dark miasma)]
 72061 | Tomb:1   | Slain by a death scarab (1 damage)
                  | ... summoned by a royal mummy
 72062 | Tomb:1   | Killed a royal mummy
 72064 | Tomb:1   | Killed a royal mummy
 72065 | Tomb:1   | Killed a royal mummy
 72069 | Tomb:1   | HP: 6/266 [royal mummy (8)]
 72070 | Tomb:1   | Slain by a death scarab (7 damage)
                  | ... summoned by a royal mummy
 72074 | Tomb:1   | Noticed a royal mummy
 72078 | Tomb:1   | Killed a royal mummy
 72082 | Tomb:1   | Killed a royal mummy
 72082 | Tomb:1   | HP: 4/266 [something (25)]
 72087 | Tomb:1   | Killed by divine providence
                  | ... invoked by a royal mummy
                  | (11 damage)
 72089 | Tomb:1   | Killed a royal mummy
 72097 | Tomb:1   | Killed a royal mummy
 72205 | Tomb:1   | Noticed a royal mummy
 72221 | Tomb:1   | Noticed a royal mummy
 72229 | Tomb:1   | Killed a royal mummy
 72239 | Tomb:1   | Killed a royal mummy
 72341 | Tomb:1   | Noticed a royal mummy
 72376 | Tomb:1   | Killed a royal mummy
 72521 | Tomb:1   | Noticed a royal mummy
 72530 | Tomb:1   | Killed a royal mummy
 72600 | Tomb:1   | Noticed a royal mummy
 72608 | Tomb:1   | Noticed a royal mummy
 72619 | Tomb:1   | Killed a royal mummy
 72641 | Tomb:1   | Killed a royal mummy
 73021 | Tomb:2   | HP: 10/266 [mummy priest (13)]
 73023 | Tomb:2   | Killed by a mummy priest's death curse (20 damage)
 73198 | Tomb:2   | Received a gift from Okawaru
 73323 | Tomb:3   | Entered Level 3 of the Tomb of the Ancients
 73339 | Tomb:3   | HP: 12/268 [ancient champion/+0 great sword (19)]
 73339 | Tomb:3   | Noticed Boris
 73340 | Tomb:3   | Received a gift from Okawaru
 73344 | Tomb:3   | HP: 13/268 [flayed ghost/flay_damage[a mummy priest] (3)]
 73348 | Tomb:3   | Killed by miscasting Arcjolt (20 damage)
 73357 | Tomb:3   | Killed from afar by Boris (36 damage)
                  | ... with a bolt of cold
 73362 | Tomb:3   | HP: 10/263 [something (7)]
 73364 | Tomb:3   | HP: 1/262 [ushabti] (9)]
 73364 | Tomb:3   | Killed by divine providence
                  | ... invoked by a mummy priest
                  | (8 damage)
 73366 | Tomb:3   | Killed Boris
 73373 | Tomb:3   | HP: 12/263 [bennu (14)]
 73373 | Tomb:3   | Mangled by a death scarab (19 damage)
 73378 | Tomb:3   | HP: 12/263 [ancient champion/+3 great sword (24)]
 73379 | Tomb:3   | Killed by divine providence
                  | ... invoked by a mummy priest
                  | (14 damage)
 73382 | Tomb:3   | Killed from afar by a lich (27 damage)
                  | ... with a bolt of cold
 73390 | Tomb:3   | Noticed a royal mummy
 73394 | Tomb:3   | HP: 5/258 [death scarab (12)]
 73394 | Tomb:3   | Slain by a death scarab (8 damage)
 73403 | Tomb:3   | Noticed a royal mummy
 73406 | Tomb:3   | Slain by an ancient champion
                  | ... wielding a +1 great mace of draining
                  | (21 damage)
 73407 | Tomb:3   | Noticed a royal mummy
 73408 | Tomb:3   | Noticed a royal mummy
 73414 | Tomb:3   | Killed a royal mummy
 73414 | Tomb:3   | HP: 12/254 [sun demon[a mummy priest] (4)]
 73414 | Tomb:3   | Killed by divine providence
                  | ... invoked by a royal mummy
                  | (14 damage)
 73414 | Tomb:3   | Noticed a royal mummy
 73417 | Tomb:3   | Noticed a royal mummy
 73422 | Tomb:3   | HP: 6/259 [royal mummy (19)]
 73423 | Tomb:3   | HP: 1/259 [royal mummy/+7 hand axe (6)]
 73425 | Tomb:3   | Killed by divine providence
                  | ... invoked by a mummy priest
                  | (10 damage)
 73428 | Tomb:3   | Killed a royal mummy
 73428 | Tomb:3   | Identified the +0 broad axe "Woadinac" {spect, rF++}
                  | (Okawaru gifted it to you on level 3 of the Tomb of the
                  | Ancients)
 73428 | Tomb:3   | Received a gift from Okawaru
 73430 | Tomb:3   | Slain by an ancient champion
                  | ... wielding a +3 great sword of freezing
                  | (25 damage)
 73432 | Tomb:3   | Killed a royal mummy
 73433 | Tomb:3   | HP: 13/268 [mummy priest/divine providence (7)]
 73433 | Tomb:3   | Noticed a royal mummy
 73434 | Tomb:3   | HP: 6/268 [poisoned by an ushabti (dark miasma)]
 73434 | Tomb:3   | Killed by divine providence
                  | ... invoked by a mummy priest
                  | (9 damage)
 73437 | Tomb:3   | Killed a royal mummy
 73439 | Tomb:3   | Killed by a guardian mummy's death curse (9 damage)
 73445 | Tomb:3   | HP: 2/269 [royal mummy/divine providence (12)]
 73445 | Tomb:3   | Slain by an emperor scorpion (3 damage)
                  | ... summoned by a royal mummy
 73452 | Tomb:3   | HP: 12/269 [royal mummy (6)]
 73452 | Tomb:3   | HP: 1/269 [royal mummy/divine providence (11)]
 73453 | Tomb:3   | Killed a royal mummy
 73453 | Tomb:3   | Succumbed to an ushabti's dark miasma
 73457 | Tomb:3   | Killed a royal mummy
 73462 | Tomb:3   | Killed a royal mummy
 73488 | Tomb:3   | Noticed a royal mummy
 73497 | Tomb:3   | Killed a royal mummy
 73610 | Tomb:3   | Noticed a royal mummy
 73628 | Tomb:3   | Killed a royal mummy
 73880 | Tomb:3   | Identified the ring of the Stallion {*Slow rPois EV+5
                  | Int+2}
 73880 | Tomb:3   | Found the +9 sword of Zonguldrok {reap}
 73935 | Tomb:3   | Got the Folio of Earthen Charms
 73947 | Tomb:3   | Identified the +7 war axe of the Riding Enemy {freeze,
                  | Dex+5}
 73948 | Tomb:3   | Identified the ring "Pechuk" {rElec rC+ rCorr Dex-4}
 73951 | Tomb:3   | Identified the staff of earth "Perugotio" {rN+}
 74093 | Tomb:3   | Got a golden rune of Zot
 75687 | Zig:1    | Entered Level 1 of a ziggurat
 75716 | Zig:2    | Entered Level 2 of a ziggurat
 75729 | Zig:2    | Reached skill level 1 in Long Blades
 75748 | Zig:3    | Entered Level 3 of a ziggurat
 75784 | Zig:4    | Entered Level 4 of a ziggurat
 75809 | Zig:4    | Identified the +2 leather armour of Complete Protection
                  | {rPois rC+++ Int+6 Slay-5}
 75812 | Zig:4    | Identified the +1 war axe "Zuh Utso" {freeze, rPois SInv
                  | Stlth+}
 75827 | Zig:5    | Entered Level 5 of a ziggurat
 75834 | Zig:5    | Received a gift from Okawaru
 76154 | Zig:6    | Entered Level 6 of a ziggurat
 76208 | Zig:6    | Identified the +4 chain mail of Mioh {rPois Int+2}
 76326 | Zig:7    | Entered Level 7 of a ziggurat
 76359 | Zig:7    | Identified the staff of fire "Ciorufaen" {rElec rF+ Str+2
                  | Int-2 SInv}
 76405 | Zig:8    | Entered Level 8 of a ziggurat
 76437 | Zig:8    | Identified the +2 shortbow "Murmur" {elec, rPois}
 76439 | Zig:8    | Identified the +4 broad axe of Dim Light {venom, *Slow
                  | rElec rN++ Stlth+}
 76658 | Zig:9    | Entered Level 9 of a ziggurat
 76665 | Zig:9    | Noticed a royal mummy
 76671 | Zig:9    | HP: 10/269 [??? (6)]
 76672 | Zig:9    | HP: 1/269 [something (9)]
 76672 | Zig:9    | Engulfed by an ushabti's foul pestilence (7 damage)
 76678 | Zig:9    | HP: 9/262 [ushabti/vile air (5)]
 76679 | Zig:9    | Slain by a bennu (9 damage)
 76683 | Zig:9    | HP: 7/262 [emperor scorpion[a royal mummy] (11)]
 76684 | Zig:9    | Succumbed to poison (dark miasma)
 76686 | Zig:9    | Killed a royal mummy
 76687 | Zig:9    | Gained mutation: You are clumsy. (Dex -2) [mutagenic glow]
 76903 | Zig:9    | Identified the +5 sling "Hell-Harrower" {speed, rElec rCorr
                  | Dex-5 SInv}
 76921 | Zig:9    | Identified the +1 robe of Cloud Cover {Int+3}
 76928 | Zig:10   | Entered Level 10 of a ziggurat
 76951 | Zig:10   | HP: 7/258 [doom hound (24)]
 76951 | Zig:10   | Slain by a doom hound (12 damage)
 76963 | Zig:10   | HP: 10/266 [poisoned by a tainted leviathan (dark miasma)]
 76966 | Zig:10   | HP: 2/266 [poisoned by a tainted leviathan (dark miasma)]
 76969 | Zig:10   | Succumbed to a tainted leviathan's dark miasma
 77018 | Zig:11   | Entered Level 11 of a ziggurat
 77036 | Zig:11   | HP: 9/268 [Ice Fiend/bolt of cold (8)]
 77036 | Zig:11   | Killed from afar by an ice dragon (33 damage)
                  | ... with a blast of cold
 77047 | Zig:11   | HP: 3/270 [something/blast of cold (13)]
 77474 | Zig:11   | Got Jufuipp's Vademecum on Excruciating Iniquitous
                  | Ceremonies
 77476 | Zig:11   | Got the Papyrus of Translocation and Variation
 77490 | Zig:11   | Identified the +7 dire flail of Inquiry {pain, Drain rElec
                  | rF+ rN++}
 77491 | Zig:11   | Identified the +2 troll leather armour "Voede" {*Slow Will+
                  | Regen+ Str+5}
 77505 | Zig:11   | Identified the staff of poison "Jeblesuetu" {+Blink rPois
                  | Stlth+}
 77530 | Zig:12   | Entered Level 12 of a ziggurat
 77550 | Zig:12   | Received a gift from Okawaru
 77569 | Zig:12   | Received a gift from Okawaru
 77573 | Zig:12   | Found the +12 glaive of Prune {freeze, Prune}
 77585 | Zig:12   | Got the Guide on Refrigeration and Superposition
 77754 | Zig:13   | Entered Level 13 of a ziggurat
 77766 | Zig:13   | Noticed Evyshiv the pandemonium lord
 77766 | Zig:13   | Found the +3 Elemental Staff {rElec rF+ rC+ AC+3}
 77767 | Zig:13   | Found the +10 dark maul {heavy}
 77771 | Zig:13   | HP: 8/270 [demonspawn warmonger/+7 dire flail of draining
                  | (9)]
 77773 | Zig:13   | HP: 1/270 [something (6)]
 77773 | Zig:13   | Annihilated by a demonspawn warmonger
                  | ... wielding a +7 dire flail of draining
                  | (27 damage)
 77781 | Zig:13   | HP: 13/261 [disintegration (38)]
 77781 | Zig:13   | HP: 4/261 [Tzitzimitl (9)]
 77783 | Zig:13   | Mangled by a Tzitzimitl (14 damage)
 77788 | Zig:13   | HP: 12/261 [Tzitzimitl/bolt of negative energy (3)]
 77788 | Zig:13   | Killed from afar by a Tzitzimitl (16 damage)
                  | ... with a bolt of negative energy
 77792 | Zig:13   | Killed Evyshiv the pandemonium lord
 77792 | Zig:13   | HP: 5/252 [??? (2)]
 77792 | Zig:13   | Mangled by a cacodemon (11 damage)
 78109 | Zig:13   | Got the Incunabulum of Unfortunate Flame
 78124 | Zig:13   | Identified the +9 battleaxe of Malatuqo {spect, rC- Int+8}
 78131 | Zig:13   | Identified the staff of poison "Beaph" {rPois rF+}
 78133 | Zig:13   | Got the Tome of Configuration and Astrapomancy
 78135 | Zig:13   | Got the Grimoire of the Maze
 78138 | Zig:13   | Identified the amulet "Fidais" {Reflect rElec rF+++ rN+
                  | Dex-4 SH+5}
 78146 | Zig:13   | Got the Atlas of Air
 78201 | Zig:13   | Reached skill level 27 in Axes
 78206 | Zig:14   | Entered Level 14 of a ziggurat
 78237 | Zig:14   | HP: 5/270 [white draconian stormcaller/divine providence
                  | (14)]
 78241 | Zig:14   | Killed by divine providence
                  | ... invoked by a white draconian stormcaller
                  | (10 damage)
 78244 | Zig:14   | Found the ring of the Mage {Wiz Archmagi}
 78244 | Zig:14   | Found the +4 consecrated labrys {holy, Valiant Fragile Fly
                  | SInv}
 78278 | Zig:14   | HP: 6/270 [yellow draconian annihilator/crystal spear (37)]
 78279 | Zig:14   | Killed by divine providence
                  | ... invoked by a white draconian stormcaller
                  | ... summoned by an orange crystal statue
                  | (8 damage)
 78454 | Zig:14   | Identified the ring "Syxidi Odos" {Fire Drain Fly Str+2
                  | SInv}
 78460 | Zig:14   | Identified the +6 flail "Puacug" {freeze, rPois rC- Int+4
                  | SInv}
 78465 | Zig:14   | Identified the ring "Ezupoy" {rF+ Slay+4}
 78469 | Zig:14   | Identified the +1 hand axe of the Pill Bug {heavy, MP+9}
 78471 | Zig:14   | Identified the ring of the Queen {rElec rF- Str+3 Int+6
                  | Dex+4}
 78483 | Zig:14   | Identified the ring of the Genius {rN+ Will++ Int+4 Stlth+}
 78486 | Zig:14   | Identified the +7 flail of Awkwardness {spect, rF+}
 78521 | Zig:14   | Learned a level 9 spell: Chain Lightning
 78638 | Zig:15   | Entered Level 15 of a ziggurat
 78664 | Zig:15   | Received a gift from Okawaru
 78763 | Zig:15   | Reached skill level 27 in Shields
 79024 | Zig:16   | Entered Level 16 of a ziggurat
 79040 | Zig:16   | Reached skill level 27 in Fighting
 79104 | Zig:16   | Noticed an ancient lich
 79105 | Zig:16   | Noticed an ancient lich
 79110 | Zig:16   | Received a gift from Okawaru
 79114 | Zig:16   | HP: 13/273 [flayed ghost/flay_damage[a curse skull] (3)]
 79117 | Zig:16   | Killed from afar by an ancient lich (35 damage)
                  | ... with a crystal spear
 79120 | Zig:16   | HP: 13/273 [flayed ghost/flay_damage[a curse skull] (2)]
 79122 | Zig:16   | Killed from afar by an ancient lich (61 damage)
                  | ... with a crystal spear
 79125 | Zig:16   | HP: 13/272 [??? (8)]
 79126 | Zig:16   | Killed an ancient lich
 79127 | Zig:16   | Slain by a juggernaut zombie (12 damage)
                  | ... summoned by a curse skull
 79133 | Zig:16   | HP: 12/267 [flayed ghost/flay_damage[a curse skull] (2)]
 79135 | Zig:16   | Killed an ancient lich
 79139 | Zig:16   | HP: 11/273 [??? (7)]
 79149 | Zig:16   | HP: 10/273 [??? (5)]
 79149 | Zig:16   | Slain by a freezing wraith (9 damage)
                  | ... summoned by a curse skull
 79164 | Zig:16   | HP: 13/273 [flayed ghost/flay_damage[a curse skull] (3)]
 79170 | Zig:16   | HP: 12/273 [??? (8)]
 79170 | Zig:16   | HP: 2/273 [flayed ghost[a curse skull] (10)]
 79176 | Zig:16   | HP: 10/273 [??? (6)]
 79179 | Zig:16   | Demolished by a reaper
                  | ... wielding a +0 scythe of venom
                  | (21 damage)
 79534 | Zig:16   | Identified the ring "Tirghi" {rElec rPois rCorr}
 79540 | Zig:16   | Identified the staff of fire "Xuxties" {Contam Fly rF+ rC+
                  | Str+3}
 79544 | Zig:16   | Identified the +4 short sword "Vynixt" {freeze, Fragile
                  | +Blink rCorr Int+3}
 79552 | Zig:16   | Identified the staff of cold "Tolovaen" {rC+ Int+4}
 79608 | Zig:17   | Entered Level 17 of a ziggurat
 79646 | Zig:17   | Reached skill level 10 in Transmutations
 79647 | Zig:17   | Received a gift from Okawaru
 79666 | Zig:17   | Killed from afar by a purple draconian shifter (41 damage)
                  | ... with a bolt of dispelling energy
 79799 | Zig:17   | Identified the +0 mace of Lies {freeze, rElec Str+2 Dex-3}
 79808 | Zig:17   | Identified the staff of air "Naabb" {Drain rElec Str+5}
 79820 | Zig:17   | Identified the staff of poison "Pulod" {rPois rC+}
 79821 | Zig:17   | Identified the staff of air "Pamut" {rElec rF+}
 79823 | Zig:17   | Identified the +1 pair of gloves of Osots {Rampage rN+
                  | Str-3 Int+5}
 79842 | Zig:18   | Entered Level 18 of a ziggurat
 79874 | Zig:18   | Paralysed by an air elemental for 1 turns
 79881 | Zig:18   | Paralysed by an air elemental for 1 turns
 79887 | Zig:18   | HP: 1/273 [+2 trident of distortion (17)]
 79888 | Zig:18   | Mangled by a +2 trident of distortion (10 damage)
 79893 | Abyss:3  | Cast into level 3 of the Abyss (+2 trident of distortion)
 79996 | Abyss:3  | Reached skill level 15 in Long Blades
 80319 | Abyss:3  | Paralysed by accursed screaming for 1 turns
 80456 | Abyss:3  | Gained mutation: You are very clumsy. (Dex -4) [a neqoxec]
 80469 | Abyss:3  | HP: 12/273 [starcursed mass/accursed screaming (5)]
 80536 | Abyss:3  | Received a gift from Okawaru
 81156 | Abyss:4  | Found a corrupted altar of Lugonu.
 81161 | Abyss:4  | Paralysed by accursed screaming for 1 turns
 81165 | Abyss:4  | Reached skill level 10 in Air Magic
 81186 | Abyss:4  | Received a gift from Okawaru
 81284 | Abyss:4  | Noticed a dread lich
 81299 | Abyss:4  | Killed a dread lich
 81493 | Abyss:4  | Found a corrupted altar of Lugonu.
 81537 | Abyss:4  | Paralysed by accursed screaming for 1 turns
 81550 | Abyss:4  | Found a corrupted altar of Lugonu.
 81621 | Abyss:4  | Noticed a dread lich
 81646 | Abyss:4  | HP: 10/268 [starcursed mass/accursed screaming (4)]
 81650 | Abyss:4  | Killed by divine providence
                  | ... invoked by a balrug
                  | ... summoned by a dread lich
                  | (14 damage)
 81661 | Abyss:4  | Killed a dread lich
 81751 | Abyss:4  | Got an abyssal rune of Zot
 81818 | Abyss:4  | Gained mutation: Your spells are a little easier to cast,
                  | but a little less powerful. [a neqoxec]
 81855 | Zig:18   | Escaped the Abyss
 81862 | Zig:18   | HP: 6/273 [+2 trident of distortion (17)]
 81868 | Zig:18   | HP: 1/273 [deep elf blademaster/+0 rapier (8)]
 81869 | Zig:18   | Killed by divine providence
                  | ... invoked by a deep elf high priest
                  | (7 damage)
 81872 | Zig:18   | Received a gift from Okawaru
 81885 | Zig:18   | HP: 1/263 [Tzitzimitl[a deep elf demonologist] (14)]
 81887 | Zig:18   | Slain by a Tzitzimitl (3 damage)
                  | ... summoned by a deep elf demonologist
 82067 | Zig:18   | Identified the +9 falchion "Siptuzxi" {spect, Dex+2}
 82086 | Zig:18   | Identified the +3 arbalest of Inflation {speed, rElec
                  | Stlth+}
 82088 | Zig:18   | Identified the staff of conjuration "Jorgh" {rElec rF+}
 82313 | Zig:19   | Entered Level 19 of a ziggurat
 82333 | Zig:19   | HP: 10/263 [??? (5)]
 82333 | Zig:19   | Killed by the air
                  | ... invoked by a blizzard demon
                  | (7 damage)
 82336 | Zig:19   | Mangled by a wendigo (28 damage)
 82338 | Zig:19   | HP: 6/263 [Ice Fiend (43)]
 82338 | Zig:19   | Slain by a nargun (9 damage)
 82341 | Zig:19   | Reached skill level 27 in Armour
 82341 | Zig:19   | Killed from afar by an Ice Fiend (19 damage)
                  | ... with a bolt of cold
 82347 | Zig:19   | Killed from afar by an Ice Fiend (18 damage)
                  | ... with a bolt of cold
 82353 | Zig:19   | HP: 1/273 [Ice Fiend/bolt of cold (16)]
 82353 | Zig:19   | Killed from afar by a blizzard demon (11 damage)
                  | ... with a bolt of cold
                  | ... while petrified by a nargun
 82358 | Zig:19   | HP: 5/273 [nargun (32)]
 82358 | Zig:19   | Killed from afar by an Ice Fiend (7 damage)
                  | ... with a bolt of cold
                  | ... while petrified by a nargun
 82362 | Zig:19   | Demolished by an Ice Fiend (22 damage)
                  | ... while petrified by a nargun
 82372 | Zig:19   | HP: 6/273 [wendigo/seracfall (36)]
 82375 | Zig:19   | Killed from afar by a blizzard demon (19 damage)
                  | ... with a bolt of cold
 82401 | Zig:19   | Identified the +5 rapier of the Enchanting Gods {drain,
                  | Will+}
 82420 | Zig:19   | Identified the staff of conjuration "Iryth" {rF+ SInv}
 82584 | Zig:20   | Entered Level 20 of a ziggurat
 82608 | Zig:20   | Killed from afar by a blizzard demon (36 damage)
                  | ... with a bolt of cold
 82613 | Zig:20   | Killed from afar by a blizzard demon (35 damage)
                  | ... with a bolt of cold
 82627 | Zig:20   | HP: 12/273 [something/blast of cold (13)]
 82631 | Zig:20   | Killed from afar by a white draconian knight (31 damage)
                  | ... with a blast of cold
 82646 | Zig:20   | Identified the +0 plate armour of Polish {rC- Will+ Regen+}
 82667 | Zig:20   | Identified the +1 arbalest of Uskayaw's Favour {flame,
                  | rPois Dex+2 SInv}
 82671 | Zig:20   | Identified the ring "Deraluh" {Fire Str+4}
 82673 | Zig:20   | Identified the +1 hand axe "Vun Byaq" {drain, Int+3 Dex+4}
 82677 | Zig:20   | Identified the +1 robe "Lunagy" {-Cast Rampage SInv}
 82874 | Zig:21   | Entered Level 21 of a ziggurat
 82889 | Zig:21   | Received a gift from Okawaru
 82893 | Zig:21   | Noticed Beamued the pandemonium lord
 82895 | Zig:21   | Noticed Ygaqakic the pandemonium lord
 82896 | Zig:21   | Noticed Ujyluyn the pandemonium lord
 82898 | Zig:21   | Noticed Exunabikk the pandemonium lord
 82899 | Zig:21   | Noticed Omummin the pandemonium lord
 82899 | Zig:21   | Noticed Saypn the pandemonium lord
 82901 | Zig:21   | Noticed Terozeg the pandemonium lord
 82902 | Zig:21   | Killed Beamued the pandemonium lord
 82908 | Zig:21   | Identified the +1 pair of gloves of the New World {Int+2
                  | SInv} (Okawaru gifted it to you on level 21 of a ziggurat)
 82908 | Zig:21   | Received a gift from Okawaru
 82909 | Zig:21   | Killed Saypn the pandemonium lord
 82912 | Zig:21   | Noticed Luam the pandemonium lord
 82918 | Zig:21   | Killed Exunabikk the pandemonium lord
 82918 | Zig:21   | Noticed Unwiheer the pandemonium lord
 82919 | Zig:21   | HP: 3/273 [Killer Klown/klown pie (21)]
 82920 | Zig:21   | Succumbed to Ujyluyn's poison arrow
 82923 | Zig:21   | Killed Omummin the pandemonium lord
 82929 | Zig:21   | Killed Luam the pandemonium lord
 82932 | Zig:21   | HP: 13/272 [dire elephant (shapeshifter) (18)]
 82932 | Zig:21   | Killed from afar by a Killer Klown (14 damage)
                  | ... with a klown pie
 82936 | Zig:21   | Killed Ygaqakic the pandemonium lord
 82937 | Zig:21   | Reached skill level 5 in Conjurations
 82938 | Zig:21   | Killed Unwiheer the pandemonium lord
 82942 | Zig:21   | Killed Ujyluyn the pandemonium lord
 82945 | Zig:21   | Killed Terozeg the pandemonium lord
 83004 | Zig:21   | Identified the amulet of Eddunt {RegenMP rF+ Str+5}
 83010 | Zig:21   | Identified the ring of the Magpie {rElec rF- rCorr Str+3
                  | Int+6}
 83021 | Zig:21   | Got the Handbook of Transposition and Curses
 83035 | Zig:21   | Identified the +9 hand axe of the Jolly Songs {spect, Fly
                  | rPois rN+ Will+}
 83039 | Zig:21   | Identified the +10 plate armour of Somewhere Else {-Cast
                  | Fly rN+}
 83098 | Zig:21   | Lost mutation: Your spells are a little easier to cast, but
                  | a little less powerful. [potion of mutation]
 83098 | Zig:21   | Lost mutation: You are very clumsy. (Dex -4) [potion of
                  | mutation]
 83098 | Zig:21   | Lost mutation: You are clumsy. (Dex -2) [potion of
                  | mutation]
 83098 | Zig:21   | Gained mutation: You are partially covered in iridescent
                  | scales. (AC +2) [potion of mutation]
 83105 | Zig:22   | Entered Level 22 of a ziggurat
 83151 | Zig:22   | HP: 5/273 [white draconian stormcaller/divine providence
                  | (13)]
 83152 | Zig:22   | Slain by a green draconian monk (6 damage)
 83177 | Zig:22   | Killed from afar by a purple draconian shifter (31 damage)
                  | ... with a bolt of dispelling energy
 83224 | Zig:22   | HP: 4/273 [purple draconian shifter/bolt of dispelling
                  | energy (12)]
 83225 | Zig:22   | Killed from afar by a purple draconian shifter (25 damage)
                  | ... with a bolt of dispelling energy
 83281 | Zig:22   | Identified the +4 mace "Seyfiy" {flame, rPois rCorr Str+3
                  | Dex+4}
 83291 | Zig:22   | Got the Directory of Superiority
 83297 | Zig:22   | Identified the +7 long sword of Gallantry {drain, *Noise
                  | +Blink Int+4}
 83307 | Zig:22   | Got the Opusculum on the Transmuted Salamander
 83320 | Zig:22   | Got Plog's Secrets of Command and Places
 83324 | Zig:22   | Got the Octavo of the Morgue and the Barrage
 83331 | Zig:22   | Identified the +3 halberd of Anguish {antimagic, *Corrode
                  | rPois Dex+3 Stlth+}
 83455 | Zig:23   | Entered Level 23 of a ziggurat
 83473 | Zig:23   | Received a gift from Okawaru
 83475 | Zig:23   | Reached skill level 15 in Air Magic
 83490 | Zig:23   | Received a gift from Okawaru
 83504 | Zig:23   | HP: 12/273 [swamp dragon (2)]
 83514 | Zig:23   | HP: 5/273 [golden dragon (6)]
 83995 | Zig:23   | Identified the staff of air "Lonnaavo" {rElec rPois Dex+3}
 83997 | Zig:23   | Identified the +2 dire flail "Ganut" {freeze, SInv}
 83998 | Zig:23   | Identified the +0 demon blade of Dishonesty {flame, rPois
                  | rN+}
 84007 | Zig:23   | Identified the ring "Koask" {Fly Dex+3}
 84168 | Zig:24   | Entered Level 24 of a ziggurat
 84184 | Zig:24   | Noticed a royal mummy
 84185 | Zig:24   | Noticed a royal mummy
 84185 | Zig:24   | Noticed a royal mummy
 84188 | Zig:24   | Received a gift from Okawaru
 84188 | Zig:24   | Noticed a royal mummy
 84189 | Zig:24   | Noticed a royal mummy
 84191 | Zig:24   | Noticed a royal mummy
 84194 | Zig:24   | HP: 1/260 [spore (16)]
 84194 | Zig:24   | Engulfed by an ushabti's foul pestilence (2 damage)
 84195 | Zig:24   | Noticed a royal mummy
 84195 | Zig:24   | Noticed a royal mummy
 84196 | Zig:24   | Noticed a royal mummy
 84197 | Zig:24   | Killed by divine providence
                  | ... invoked by a mummy priest
                  | (14 damage)
 84200 | Zig:24   | HP: 9/259 [bennu (4)]
 84201 | Zig:24   | Killed a royal mummy
 84201 | Zig:24   | HP: 2/255 [spore (7)]
 84201 | Zig:24   | Succumbed to an ushabti's dark miasma
 84202 | Zig:24   | Noticed a royal mummy
 84204 | Zig:24   | Succumbed to an ushabti's dark miasma
 84206 | Zig:24   | HP: 11/257 [jiangshi[a mummy priest] (11)]
 84206 | Zig:24   | HP: 5/257 [jiangshi[a mummy priest] (3)]
 84206 | Zig:24   | Killed by divine providence
                  | ... invoked by a mummy priest
                  | (12 damage)
 84209 | Zig:24   | Killed a royal mummy
 84209 | Zig:24   | Killed by divine providence
                  | ... invoked by a mummy priest
                  | (8 damage)
 84209 | Zig:24   | Noticed a royal mummy
 84210 | Zig:24   | Noticed a royal mummy
 84211 | Zig:24   | HP: 12/257 [ushabti] (7)]
 84211 | Zig:24   | Mangled by a royal mummy (15 damage)
 84213 | Zig:24   | Noticed a royal mummy
 84214 | Zig:24   | HP: 5/264 [royal mummy/divine providence (12)]
 84214 | Zig:24   | Killed by divine providence
                  | ... invoked by a mummy priest
                  | (14 damage)
 84218 | Zig:24   | Killed a royal mummy
 84218 | Zig:24   | Mangled by a royal mummy (20 damage)
 84220 | Zig:24   | HP: 12/261 [royal mummy/divine providence (11)]
 84221 | Zig:24   | Killed a royal mummy
 84221 | Zig:24   | HP: 5/261 [ushabti] (7)]
 84221 | Zig:24   | HP: 2/261 [poisoned by an ushabti (dark miasma)]
 84222 | Zig:24   | Succumbed to an ushabti's dark miasma
 84224 | Zig:24   | Killed a royal mummy
 84224 | Zig:24   | Slain by a death scarab (4 damage)
                  | ... summoned by a royal mummy
 84226 | Zig:24   | Killed a royal mummy
 84229 | Zig:24   | Killed a royal mummy
 84236 | Zig:24   | Killed a royal mummy
 84238 | Zig:24   | HP: 8/273 [poisoned by an ushabti (dark miasma)]
 84238 | Zig:24   | HP: 2/273 [freezing wraith[a mummy priest] (6)]
 84238 | Zig:24   | Slain by a royal mummy (5 damage)
 84239 | Zig:24   | Killed a royal mummy
 84239 | Zig:24   | Identified the +3 troll leather armour of Sagimuorgh {Harm
                  | +Blink Regen+ MP+9} (Okawaru gifted it to you on level 24
                  | of a ziggurat)
 84239 | Zig:24   | Received a gift from Okawaru
 84244 | Zig:24   | Killed a royal mummy
 84245 | Zig:24   | Killed a royal mummy
 84245 | Zig:24   | HP: 12/273 [torment (7)]
 84245 | Zig:24   | HP: 3/273 [ushabti] (9)]
 84245 | Zig:24   | HP: 1/273 [poisoned by an ushabti (dark miasma)]
 84245 | Zig:24   | Killed from afar by an ushabti (3 damage)
                  | ... with a vile air
 84247 | Zig:24   | Killed a royal mummy
 84254 | Zig:24   | Killed a royal mummy
 84489 | Zig:24   | Got the Catalogue of the Poles
 84491 | Zig:24   | Got Sif Muna's Grimoire of Fateful Accomplices
 84496 | Zig:24   | Got the Omnibus of Metamorphic Turbulence
 84501 | Zig:24   | Identified the +4 long sword "Undertaker" {freeze, rElec
                  | rC+ Dex+3}
 84520 | Zig:24   | Identified the +1 quarterstaff of the Toadstool {distort,
                  | Int+2 Stlth+}
 84654 | Zig:25   | Entered Level 25 of a ziggurat
 84666 | Zig:25   | Noticed a juggernaut
 84666 | Zig:25   | Noticed a juggernaut
 84667 | Zig:25   | Noticed a juggernaut
 84670 | Zig:25   | Noticed a juggernaut
 84671 | Zig:25   | Noticed a juggernaut
 84671 | Zig:25   | Noticed a juggernaut
 84675 | Zig:25   | Noticed a juggernaut
 84675 | Zig:25   | Noticed a juggernaut
 84676 | Zig:25   | Noticed a juggernaut
 84676 | Zig:25   | Noticed a juggernaut
 84678 | Zig:25   | Noticed a juggernaut
 84680 | Zig:25   | Killed a juggernaut
 84680 | Zig:25   | Noticed a juggernaut
 84681 | Zig:25   | Killed a juggernaut
 84684 | Zig:25   | Noticed a juggernaut
 84685 | Zig:25   | Killed a juggernaut
 84685 | Zig:25   | Killed a juggernaut
 84685 | Zig:25   | Killed a juggernaut
 84687 | Zig:25   | HP: 6/273 [juggernaut (18)]
 84689 | Zig:25   | Killed by divine providence
                  | ... invoked by an orc high priest
                  | (12 damage)
 84690 | Zig:25   | Killed a juggernaut
 84692 | Zig:25   | Killed a juggernaut
 84692 | Zig:25   | Killed a juggernaut
 84692 | Zig:25   | Noticed a juggernaut
 84700 | Zig:25   | Killed a juggernaut
 84702 | Zig:25   | Noticed a juggernaut
 84703 | Zig:25   | Killed a juggernaut
 84703 | Zig:25   | Killed a juggernaut
 84704 | Zig:25   | Killed a juggernaut
 84704 | Zig:25   | Killed a juggernaut
 84712 | Zig:25   | Killed a juggernaut
 84714 | Zig:25   | HP: 4/273 [orc high priest/divine providence (11)]
 84716 | Zig:25   | Demolished by a stone giant (22 damage)
 84721 | Zig:25   | Killed a juggernaut
 84724 | Zig:25   | HP: 4/273 [orc warlord/+4 glaive of freezing (37)]
 84724 | Zig:25   | Mangled by an orc warlord
                  | ... wielding a +4 glaive of freezing
                  | (15 damage)
 84750 | Zig:25   | Received a gift from Okawaru
 84750 | Zig:25   | HP: 9/273 [orc warrior/+0 glaive (7)]
 84751 | Zig:25   | Mangled by an orc warlord
                  | ... wielding a +4 glaive of freezing
                  | (19 damage)
 84850 | Zig:25   | Identified the staff of earth "Zeasal" {Str+3 Stlth+}
 84854 | Zig:25   | Identified the staff of conjuration "Nesezevi" {Dex+5 SInv}
 84875 | Zig:25   | Identified the amulet of Autumn {Acrobat rPois rF+ rC+++
                  | Stlth-}
 84881 | Zig:25   | Identified the +12 shortbow of Exquisite Death {speed,
                  | Will+ rCorr}
 84904 | Zig:25   | Identified the ring "Vinn" {Will+ rCorr Int+4 Dex+4}
 85060 | Zig:26   | Entered Level 26 of a ziggurat
 85088 | Zig:26   | HP: 10/270 [??? (6)]
 85088 | Zig:26   | Demolished by a lorocyproca (26 damage)
 85089 | Zig:26   | Received a gift from Okawaru
 85091 | Zig:26   | Slain by a demonspawn warmonger
                  | ... wielding a +5 demon trident of freezing
                  | (13 damage)
 85093 | Zig:26   | HP: 12/255 [hellwing (14)]
 85093 | Zig:26   | HP: 5/255 [cacodemon (7)]
 85094 | Zig:26   | Killed by divine providence
                  | ... invoked by a balrug
                  | (16 damage)
 85098 | Zig:26   | HP: 8/259 [reaper/+6 scythe of protection (8)]
 85099 | Zig:26   | Mangled by a reaper
                  | ... wielding a +6 scythe of protection
                  | (18 damage)
 85105 | Zig:26   | Noticed Ytsafip the pandemonium lord
 85105 | Zig:26   | HP: 11/249 [demonspawn warmonger/+5 demon trident of
                  | freezing (20)]
 85105 | Zig:26   | HP: 5/249 [??? (1)]
 85106 | Zig:26   | Mangled by a balrug
                  | ... wielding a +0 demon whip of draining
                  | (16 damage)
 85109 | Zig:26   | HP: 1/253 [Hell Sentinel (11)]
 85109 | Zig:26   | Slain by a Brimstone Fiend (6 damage)
 85111 | Zig:26   | Received a gift from Okawaru
 85112 | Zig:26   | Slain by a demonspawn warmonger
                  | ... wielding a +5 demon trident of freezing
                  | (14 damage)
 85116 | Zig:26   | HP: 12/252 [Brimstone Fiend (9)]
 85117 | Zig:26   | Killed by divine providence
                  | ... invoked by a sphinx
                  | ... summoned by a demonspawn corrupter
                  | ... summoned by a shadow demon
                  | (15 damage)
 85119 | Zig:26   | Slain by a demonspawn blood saint
                  | ... wielding a +0 dagger
                  | (8 damage)
 85122 | Zig:26   | HP: 2/244 [Ytsafip the pandemonium lord (25)]
 85122 | Zig:26   | Demolished by a flayed ghost (16 damage)
                  | ... summoned by a demonspawn corrupter
                  | ... summoned by a shadow demon
 85123 | Zig:26   | Killed Ytsafip the pandemonium lord
 85125 | Zig:26   | Mangled by a demonspawn warmonger
                  | ... wielding a +5 demon trident of freezing
                  | (39 damage)
 85127 | Zig:26   | HP: 6/225 [??? (2)]
 85127 | Zig:26   | Killed from afar by a starcursed mass (8 damage)
                  | ... with an accursed screaming
                  | ... summoned by a demonspawn corrupter
 85133 | Zig:26   | Mangled by a Hell Sentinel (17 damage)
 85135 | Zig:26   | HP: 9/226 [??? (4)]
 85135 | Zig:26   | Killed from afar by a starcursed mass (7 damage)
                  | ... with an accursed screaming
                  | ... summoned by a demonspawn corrupter
 85135 | Zig:26   | Paralysed by accursed screaming for 2 turns
 85141 | Zig:26   | HP: 8/230 [??? (4)]
 85141 | Zig:26   | HP: 3/230 [demonspawn warmonger/+4 heavy battleaxe (5)]
 85141 | Zig:26   | Demolished by a red devil
                  | ... wielding a +0 heavy trident
                  | (17 damage)
 85148 | Zig:26   | HP: 9/220 [blizzard demon/the air (9)]
 85149 | Zig:26   | Slain by a Tzitzimitl (9 damage)
 85152 | Zig:26   | HP: 4/213 [Tzitzimitl/bolt of negative energy (12)]
 85152 | Zig:26   | Demolished by a Hell Sentinel (22 damage)
 85157 | Zig:26   | Killed from afar by a Hell Sentinel (19 damage)
                  | ... with an iron shot
 85438 | Zig:26   | Identified the staff of conjuration "Poadayri" {Stlth+}
 85444 | Zig:26   | Identified the +7 spear of the Vestibule of Hell {holy,
                  | Int+3}
 85447 | Zig:26   | Identified the staff of cold "Ecyesk" {rC+ rN+ Will- Dex+5
                  | Stlth+}
 85452 | Zig:26   | Identified the amulet of the Sandy Apricot {RegenMP +Inv
                  | Stlth+}
 85455 | Zig:26   | Identified the +2 flail of the Bouncing Seers {speed, *Slow
                  | rPois Will+ Str+5}
 85551 | Zig:27   | Entered Level 27 of a ziggurat
 85570 | Zig:27   | Reached skill level 10 in Conjurations
 85607 | Zig:27   | Mangled by a rockslime (32 damage)
 85614 | Zig:27   | Gained mutation: You are weak. (Str -2) [a shining eye]
 85624 | Zig:27   | Demolished by an azure jelly (34 damage)
 85628 | Zig:27   | Paralysed by a floating eye for 2 turns
 85630 | Zig:27   | Gained mutation: Your body sometimes deteriorates upon
                  | taking damage. [a shining eye]
 85641 | Zig:27   | HP: 10/273 [azure jelly (11)]
 85641 | Zig:27   | Annihilated by an azure jelly (32 damage)
 85647 | Zig:27   | HP: 7/273 [acid blob (40)]
 85647 | Zig:27   | HP: 1/273 [azure jelly (3)]
 85648 | Zig:27   | Splashed by an acid blob's acid (1 damage)
 85967 | Zig:27   | Lost mutation: You are weak. (Str -2) [potion of mutation]
 85967 | Zig:27   | Lost mutation: You are partially covered in iridescent
                  | scales. (AC +2) [potion of mutation]
 85967 | Zig:27   | Lost mutation: Your body sometimes deteriorates upon taking
                  | damage. [potion of mutation]
 85967 | Zig:27   | Gained mutation: You are occasionally teleported next to
                  | monsters. [potion of mutation]
 85968 | Zig:27   | Lost mutation: You are occasionally teleported next to
                  | monsters. [potion of mutation]
 85968 | Zig:27   | Gained mutation: You are partially covered in large bone
                  | plates. (SH +4) [potion of mutation]
 85973 | Zig:27   | Found the brooch of Shielding {Spirit SH+8}
 85975 | Zig:27   | Found the +8 mithril axe "Arga" {speed, Will+}
 85989 | Zig:27   | Identified the ring of the Sky {Will- rCorr Str+2 Int+6}
 85998 | Zig:27   | Identified the +8 battleaxe of Eternal Harmony {venom,
                  | Int+2}
 86017 | Zig:27   | Identified the +1 spear of Xeusm {flame, Will+ rCorr MP-9
                  | Int+3}
 86343 | Hell     | Entered the Vestibule of Hell
 86343 | Hell     | Noticed Geryon
 86393 | Hell     | Killed Geryon
 86461 | Hell     | Identified the +1 pair of gloves of Jurphon {rC+ rN+++
                  | Str-3} (Okawaru gifted it to you in the Vestibule of Hell)
 86461 | Hell     | Received a gift from Okawaru
 86583 | Hell     | Reached skill level 27 in Long Blades
 86602 | Hell     | Found a gateway to the decaying netherworld of Tartarus.
 86716 | Hell     | Found a gateway to the ashen valley of Gehenna.
 86760 | Hell     | Killed from afar by a hell knight (20 damage)
                  | ... with a bolt of fire
 87121 | Hell     | Found a gateway to the Iron City of Dis.
 87210 | Hell     | Found a gateway to the freezing wastes of Cocytus.
 87240 | Hell     | HP: 10/273 [lorocyproca (13)]
 87247 | Hell     | Killed from afar by a blizzard demon (33 damage)
                  | ... with a bolt of cold
 87611 | Coc:1    | Entered Level 1 of Cocytus
 87853 | Coc:1    | Paralysed by a wendigo for 1 turns
 89380 | Coc:4    | You are sucked into a shaft and drop 1 floor!
 89456 | Coc:5    | HP: 1/246 [shard shrike simulacrum (31)]
 90077 | Coc:6    | Annihilated by a shard shrike (50 damage)
 90596 | Coc:7    | Entered Level 7 of Cocytus
 90601 | Coc:7    | Received a gift from Okawaru
 90603 | Coc:7    | Paralysed by a wendigo for 1 turns
 90632 | Coc:7    | Mangled by a nargun (29 damage)
 90700 | Coc:7    | Noticed the Serpent of Hell
 90719 | Coc:7    | Killed from afar by a fire dragon (27 damage)
                  | ... with a blast of flame
                  | ... summoned by the Serpent of Hell
 90724 | Coc:7    | Killed the Serpent of Hell
 90889 | Coc:7    | HP: 3/273 [Ice Fiend/bolt of cold (35)]
 90893 | Coc:7    | Killed from afar by a titan (14 damage)
                  | ... with a bolt of lightning
 90923 | Coc:7    | HP: 2/273 [shard shrike/shard of ice (26)]
 90928 | Coc:7    | Slain by a nargun (3 damage)
 90937 | Coc:7    | Received a gift from Okawaru
 90946 | Coc:7    | Paralysed by a wendigo for 1 turns
 90954 | Coc:7    | Killed from afar by a hellion (33 damage)
                  | ... with damnation
 90968 | Coc:7    | Noticed Antaeus
 90975 | Coc:7    | HP: 10/273 [Ice Fiend/bolt of cold (40)]
 90978 | Coc:7    | Engulfed by an Ice Fiend's freezing vapour (9 damage)
 90983 | Coc:7    | Slain by an Ice Fiend (50 damage)
 90991 | Coc:7    | Killed from afar by an Ice Fiend (46 damage)
                  | ... with a bolt of cold
 90999 | Coc:7    | Demolished by Antaeus
                  | ... wielding a +4 whip of venom
                  | (54 damage)
 91027 | Coc:7    | Annihilated by Antaeus
                  | ... wielding a +4 whip of venom
                  | (52 damage)
 91040 | Coc:7    | Killed Antaeus
 91281 | Coc:7    | Got an icy rune of Zot
 91282 | Coc:7    | Identified the staff of earth "Dadokuih" {Drain rF- rN+++
                  | rCorr}
 91363 | Coc:7    | Identified the +5 cloak of Protective Custody {Harm rC+
                  | Str+2 Dex-5}
 91516 | Coc:7    | Paralysed by a wendigo for 1 turns
 91538 | Coc:7    | Paralysed by a wendigo for 1 turns
 91548 | Coc:7    | Paralysed by a wendigo for 1 turns
 91560 | Coc:7    | HP: 10/273 [wendigo/stunning burst (14)]
 91570 | Coc:7    | HP: 5/273 [wendigo (9)]
 91570 | Coc:7    | Mangled by a wendigo (13 damage)
 91695 | Coc:7    | Killed from afar by a shard shrike (50 damage)
                  | ... with a shard of ice
 91734 | Coc:7    | HP: 10/273 [??? (8)]
 91738 | Coc:7    | Mangled by an Ice Fiend (14 damage)
 91744 | Coc:7    | Received a gift from Okawaru
 92842 | Geh:1    | Entered Level 1 of Gehenna
 92890 | Geh:1    | HP: 11/273 [fire giant/+4 great sword of flaming (16)]
 92894 | Geh:1    | Killed from afar by a salamander tyrant (39 damage)
                  | ... with a flame surge
 93794 | Geh:2    | You are sucked into a shaft and drop 1 floor!
 93821 | Geh:3    | Received a gift from Okawaru
 94345 | Geh:4    | Received a gift from Okawaru
 94348 | Geh:4    | Killed from afar by a hellephant (140 damage)
                  | ... with a blast of flame
 94913 | Geh:5    | Received a gift from Okawaru
 95709 | Geh:6    | Killed from afar by a hellephant (56 damage)
                  | ... with a blast of flame
 96169 | Geh:7    | Entered Level 7 of Gehenna
 96179 | Geh:7    | Identified the +3 battleaxe "Ceozatidd" {antimagic, Fly
                  | rElec} (Okawaru gifted it to you on level 7 of Gehenna)
 96179 | Geh:7    | Received a gift from Okawaru
 96391 | Geh:7    | Killed from afar by a hellephant (67 damage)
                  | ... with a blast of flame
 97057 | Geh:7    | HP: 11/273 [something (9)]
 97064 | Geh:7    | HP: 1/273 [something (8)]
 97065 | Geh:7    | Engulfed by a cloud of flame (4 damage)
 97109 | Geh:7    | HP: 1/273 [searing wretch (19)]
 97150 | Geh:7    | HP: 5/273 [balrug/bolt of fire (19)]
 97166 | Geh:7    | HP: 5/273 [searing wretch (6)]
 97166 | Geh:7    | Annihilated by a searing wretch (32 damage)
 97195 | Geh:7    | Found the +13 sceptre of Asmodeus
 97195 | Geh:7    | Noticed Asmodeus
 97201 | Geh:7    | Identified the +2 ring mail of Dyspraxia {Harm rPois rC-
                  | Dex+6} (Okawaru gifted it to you on level 7 of Gehenna)
 97201 | Geh:7    | Received a gift from Okawaru
 97211 | Geh:7    | HP: 9/273 [??? (6)]
 97212 | Geh:7    | Killed by divine providence
                  | ... invoked by a balrug
                  | (15 damage)
 97228 | Geh:7    | Killed from afar by a hellion (25 damage)
                  | ... with damnation
                  | ... summoned by Asmodeus
 97243 | Geh:7    | HP: 6/273 [balrug/divine providence (14)]
 97244 | Geh:7    | Killed Asmodeus
 97246 | Geh:7    | Killed by divine providence
                  | ... invoked by a balrug
                  | (10 damage)
 97541 | Geh:7    | Got an obsidian rune of Zot
 97542 | Geh:7    | Identified the +5 scale mail "Qokhlupso" {+Blink rC+ rCorr}
 97544 | Geh:7    | Identified the +5 falchion "Giteuqee" {vamp, rF+ rC+}
 97547 | Geh:7    | Identified the +9 mace "Daus" {heavy, *Rage Int+2 Stlth+}
 97616 | Geh:7    | Identified the +4 ring mail of Paigh {rElec rN+ Dex+2}
 97671 | Geh:7    | Reached skill level 1 in Maces & Flails
 97992 | Dis:1    | Entered Level 1 of the Iron City of Dis
 98197 | Dis:1    | Reached skill level 5 in Maces & Flails
 99488 | Dis:4    | HP: 13/273 [iron golem[an iron giant] (21)]
 99490 | Dis:4    | Killed from afar by a quicksilver elemental (50 damage)
                  | ... with a bolt of dispelling energy
 99520 | Dis:4    | Hit by an iron golem thrown by iron giant (19 damage)
 99564 | Dis:4    | HP: 13/273 [quicksilver elemental/bolt of dispelling energy
                  | (33)]
 99568 | Dis:4    | Mangled by an iron golem (27 damage)
                  | ... led by an iron giant
 99771 | Dis:5    | Received a gift from Okawaru
 99772 | Dis:5    | Reached skill level 10 in Maces & Flails
 99777 | Dis:5    | Reached skill level 15 in Conjurations
 99799 | Dis:5    | Received a gift from Okawaru
 99808 | Dis:5    | Slain by an iron golem (19 damage)
100211 | Dis:5    | Received a gift from Okawaru
100853 | Dis:7    | Entered Level 7 of the Iron City of Dis
101346 | Dis:7    | Reached skill level 15 in Maces & Flails
101614 | Dis:7    | Received a gift from Okawaru
102392 | Dis:7    | Received a gift from Okawaru
102461 | Dis:7    | Identified the +2 scale mail of Insatiable Hunger {rElec
                  | rPois Int+2} (Okawaru gifted it to you on level 7 of the
                  | Iron City of Dis)
102461 | Dis:7    | Received a gift from Okawaru
102480 | Dis:7    | Gained mutation: Your spells are a little easier to cast,
                  | but a little less powerful. [mutagenic glow]
103600 | Dis:7    | Noticed Dispater
103604 | Dis:7    | Noticed a juggernaut
103635 | Dis:7    | Killed a juggernaut
103636 | Dis:7    | Killed from afar by a Hell Sentinel (56 damage)
                  | ... with damnation
                  | ... summoned by Dispater
103663 | Dis:7    | Killed Dispater
104108 | Dis:7    | Got an iron rune of Zot
104117 | Dis:7    | Identified the +9 broad axe "Loist" {freeze, rElec rPois
                  | rF- Str+5}
104798 | Dis:7    | HP: 11/273 [iron giant/iron shot (7)]
104798 | Dis:7    | Killed from afar by an iron giant (55 damage)
                  | ... with an iron shot
104808 | Dis:7    | HP: 3/273 [iron golem[an iron giant] (36)]
104809 | Dis:7    | Mangled by an iron golem (9 damage)
                  | ... led by an iron giant
105512 | Dis:7    | Noticed a juggernaut
105542 | Dis:7    | Killed a juggernaut
105923 | Dis:7    | Identified the amulet "Koheaj" {Spirit Harm rPois Dex+6}
105930 | Dis:7    | Got the Annotations on Sweltering Open Graves
105938 | Dis:7    | Learned a level 6 spell: Starburst
106261 | Tar:1    | Entered Level 1 of Tartarus
106263 | Tar:1    | Noticed a dread lich
106275 | Tar:1    | Killed a dread lich
106300 | Tar:1    | HP: 10/249 [reaper/+6 scythe of flaming[a doom hound] (7)]
106301 | Tar:1    | Mangled by a spectral ettin (14 damage)
106317 | Tar:1    | HP: 12/249 [spectral ettin (9)]
106323 | Tar:1    | HP: 1/249 [reaper/+6 scythe of flaming[a doom hound] (7)]
106323 | Tar:1    | Slain by a reaper
                  | ... wielding a +6 scythe of flaming
                  | ... called by a doom hound
                  | (3 damage)
106910 | Tar:2    | HP: 8/234 [constriction[an eidolon] (4)]
106912 | Tar:2    | HP: 3/236 [poisoned by a putrid mouth (dark miasma)]
106913 | Tar:2    | HP: 1/236 [poisoned by a putrid mouth (dark miasma)]
106913 | Tar:2    | Mangled by a Tzitzimitl (13 damage)
                  | ... called by a doom hound
106921 | Tar:2    | HP: 6/204 [doom hound (10)]
106922 | Tar:2    | Succumbed to a putrid mouth's dark miasma
106925 | Tar:2    | Received a gift from Okawaru
106926 | Tar:2    | Slain by a doom hound (15 damage)
106941 | Tar:2    | Slain by a doom hound (19 damage)
106946 | Tar:2    | HP: 9/224 [bone dragon[a doom hound] (3)]
106947 | Tar:2    | HP: 3/224 [profane servitor/+2 whip (4)]
106948 | Tar:2    | Demolished by a doom hound (22 damage)
106956 | Tar:2    | Slain by a tainted leviathan

Illustrated notes

Levels and vault maps discovered:
D:1:      sevenhm_arrival_forest_fort_large_2, layout_basic
D:2:      layout_loops_cross, uniq_robin
D:3:      minmay_wonky_spiral, layout_basic, bloody_makhleb,
          mainiacjoe_overflow_large_starburst, lemuel_doored_altar,
          shapermc_ecumenical_altar_flowoftime, solitary_fountain
D:4:      layout_basic, minmay_temple_entry_statues_fountains,
          nicolae_ossuary_entry_catacombs, minmay_hollow_rounded_squares
D:5:      layout_rooms, nicolae_overflow_hidden_temple,
          kennysheep_generic_room_2, uniq_duvessa
D:6:      layout_cave_pools, mainiacjoe_overflow_six_doors_small,
          nicolae_hepliaklqana_ecumenical_no_more
D:7:      layout_basic, mainiacjoe_overflow_paths, dk_xom_monty_hall,
          nicolae_vehumet_radiance, serial_shops, shop, nicolae_shop_stone,
          shop, nicolae_shop_tiny_real_fake_doors, grunt_decor_mini_mirrors
D:8:      layout_cave_pools, grunt_dithmenos_smoke, dpeg_lair_monsters,
          enter_bailey_4, serial_undead, serial_undead_f, serial_undead_e,
          serial_undead_f, serial_undead_d, serial_undead_e, serial_undead_a,
          serial_undead_f, serial_undead_d, worms_lemuel, uniq_pikel
D:9:      layout_rooms, kennysheep_little_box, gammafunk_ghost_arena
D:10:     hangedman_cross_cluster, layout_cave_pools, tgw_trog,
          chequers_temple_overflow_statue_of_worship, hiddenorc2_lemuel,
          minivault_5, lightli_orcish_oven
D:11:     layout_loops_cross, muffindrake_ghost_dual_entry, uniq_grum,
          uniq_erolcha, uniq_fannar
D:12:     layout_basic
D:13:     layout_grid_maze, david_vaults_2, enter_trove_6,
          ebering_dispersal_statue_hall, uniq_kirke
D:14:     dragon1_lemuel, layout_cave_pools, xom_teletrap_fun
D:15:     gammafunk_depths_entry_grave, layout_loops_cross,
          dreamdust_wishing_well, nicolae_wu_jian_immortal_techniques
Temple:   nicolae_temple_bog_church
Lair:1:   layout_regular_city, grunt_megastairs_4
Lair:2:   layout_misc_corridors, skrybe_swamp_entry_bodies,
          gauntlet_entry_generic, chequers_serial_rivers_room_a
Lair:3:   layout_chaotic_city, hellmonk_spider_entry_life_and_decay,
          basic_altar, infiniplex_staircase_pool_2
Lair:4:   layout_cave_pods, ebering_ghost_reflecting_pool
Lair:5:   due_jungle_book, layout_misc_corridors, nicolae_slime_entry_slimehenge
Swamp:1:  nicolae_swamp_ascending_descending, layout_basic_swamp, basic_altar,
          swamp_pool1
Swamp:2:  layout_falls_marsh, serial_swamp_ruin, evilmike_swamp_ruin_house_5,
          evilmike_swamp_ruin_rubble_2, swamp_pool2, st_swamp_ruins_3,
          uniq_frances, uniq_roxanne
Swamp:3:  layout_basic_swamp, evilmike_swamp_ruin_rubble_1, swamp_pool3
Swamp:4:  byrel_swamp_growth_death_and_undeath, layout_basic_swamp,
          ebering_ghost_xom, nicolae_swamp_spriggan_camp
Spider:1: nicolae_spider_hilbert_zone_1 [nicolae_spider_hilbert_4_sides_1_open,
          nicolae_spider_hilbert_4_sides_1_open,
          nicolae_spider_hilbert_4_sides_1_open,
          nicolae_spider_hilbert_4_sides_1_open,
          nicolae_spider_hilbert_3_sides_1_open,
          nicolae_spider_hilbert_3_sides_1_open,
          nicolae_spider_hilbert_3_sides_1_open,
          nicolae_spider_hilbert_3_sides_1_open,
          nicolae_spider_hilbert_3_sides_1_open,
          nicolae_spider_hilbert_6_sides_1_open,
          nicolae_spider_hilbert_6_sides_1_open,
          nicolae_spider_hilbert_3_sides_1_open,
          nicolae_spider_hilbert_3_sides_1_open,
          nicolae_spider_hilbert_3_sides_1_open,
          nicolae_spider_hilbert_3_sides_1_open,
          nicolae_spider_hilbert_2_sides_1_open], uniq_donald
Spider:2: layout_spider_delve, uniq_jorgrun, uniq_azrael, uniq_louise
Spider:3: layout_spider_delve, uniq_arachne, uniq_asterion
Spider:4: spider_rune_water, gammafunk_ghost_necromancy
Slime:1:  cheibrodos_slime_lost_civilization_8, layout_caves
Slime:2:  layout_caves
Slime:3:  layout_caves
Slime:4:  layout_caves
Slime:5
Orc:1:    cheibrodos_orc_guarddog, layout_diamond_mine, basic_altar
Orc:2:    st_orc_town, layout_diamond_mine
Elf:1:    layout_rooms, serial_shops, shop, hangedman_elven_crosses_minicolossus
Elf:2:    elven_hall_of_blades_hangedman_original [mumra_blade_entry_bloodbath],
          layout_geoelf_diagonals, serial_shops,
          nicolae_shop_bloodbath_and_beyond
Elf:3:    elf_hall, layout_onion_city, serial_shops, shop, shop, shop,
          portal_ice_cave_entry_pillars_2
Vaults:1: nicolae_vaults_closet_pinwheel_1, vaults_standard_mumra_x, v_rooms_1,
          nicolae_vaults_offset_grid_hallway_1, v_misc_23,
          hangedman_vaults_corner, kb_rosetta, vaults_room_grid, v_misc_9,
          v_misc_5, nicolae_vaults_tetromino_T_2, v_misc_24, serial_ice_b,
          nicolae_vaults_trapezoid_1, layout_vaults_big_cross, uniq_saint_roka
Vaults:2: nicolae_vaults_diamond_2, nicolae_vaults_little_squares_5, v_misc_19,
          minmay_crypt_entry_nasty_monster, nicolae_vaults_tetromino_Z_1,
          ontoclasm_vaults_loading_screen, layout_vaults_omnigrid
Vaults:3: nicolae_vaults_storage_closets_2, dpeg_vaults_waves,
          vaults_room_boxed, v_misc_28, v_pattern_4, ontoclasm_vaults_tryst,
          nicolae_vaults_more_shelving_2, nicolae_vaults_hexular_roomagon,
          ontoclasm_vaults_eye, layout_vaults_ring, serial_shops,
          nicolae_shop_rolling_square
Vaults:4: nicolae_vaults_security_offices_2, dpeg_vaults_monster_row,
          nicolae_vaults_wrenched, nicolae_vaults_little_squares_1,
          nicolae_vaults_alarming, hangedman_vaults_slice, vaults_mumra_hex,
          nicolae_vaults_mini_display_case, nicolae_vaults_diamond_1,
          grunt_vaults_hallway_short, vaults_dpeg_hooks,
          layout_vaults_maze_bifur, serial_shops,
          nicolae_shop_tiny_real_fake_doors
Vaults:5: uniq_jory
Crypt:1:  layout_basic, serial_sigils, serial_sigils_hangedman_carve,
          serial_sigils_hangedman_confine, serial_sigils_hangedman_gnaw,
          serial_sigils_hangedman_clutch, serial_sigils_hangedman_snap,
          mu_enter_wizlab_4, ebering_ghost_xom, lemuel_dead_fish_pool,
          amcnicky_mini_rare_corridor_liquid
Crypt:2:  layout_chaotic_city, grunt_ministairs_3
Crypt:3:  lightli_unholy_cathedral, layout_chaotic_city,
          tomb_entry_sphere_bobbens
Tomb:1:   uniq_khufu, uniq_boris
Tomb:2
Tomb:3
Depths:1: layout_cave_pools, serial_shops, nicolae_shop_hallway_stairs,
          abyss_entry, serial_column_ruins, column_ruins_portal_squares,
          column_ruins_columns_corner, column_ruins_columns_straight,
          column_ruins_open_small, column_ruins_columns_dead_end,
          column_ruins_corridor_straight, hell_entry, minmay_hedge_maze,
          minmay_crystal_box, uniq_bai_suzhen
Depths:2: cheibrodos_lost_city_excavation, layout_cave_pools,
          hangedman_coc_ice_floe, chequers_serial_rivers_micro_e,
          rand_demon_pan_entry_5, kennysheep_generic_room_9,
          minmay_staircase_bubble
Depths:3: lemuel_troll_bridge, layout_basic, abyss_entry, grunt_hell_horde,
          kennysheep_minor_cross, rand_demon_pan_entry_9
Depths:4: lemuel_castle_with_subvaults [lemuel_castle_interior_carwin_1],
          layout_cross, enter_ziggurat_e, hell_entry, minmay_shop_star,
          uniq_xtahua, uniq_margery
Hell
Dis:1:    layout_gridville, lemuel_dis_dragons
Dis:2:    layout_subdivisions, nicolae_dis_emergency_hatch
Dis:3:    layout_gridville
Dis:4:    layout_gridville
Dis:5:    layout_gridville
Dis:6:    layout_subdivisions, hangedman_dis_decor_tower
Dis:7:    dis_st
Geh:1:    layout_gehenna_lava_caves
Geh:2:    layout_gehenna_lava_caves
Geh:3:    layout_gehenna_lava_caves
Geh:4:    layout_gehenna_lava_caves, nicolae_geh_lavax
Geh:5:    layout_gehenna_lava_caves
Geh:6:    layout_gehenna_lava_caves
Geh:7:    geh_grunt_pentagon
Coc:1:    layout_cocytus_water_paths
Coc:2:    nicolae_coc_naught_crossing, layout_cocytus_delve
Coc:3:    layout_cocytus_water_paths
Coc:4:    layout_ice_bergs
Coc:5:    layout_cocytus_water_paths
Coc:6:    layout_cocytus_water_paths
Coc:7:    coc_grunt_cove [coc_grunt_cove_antaeus, coc_grunt_cove_fiend,
          coc_grunt_cove_fiend, coc_grunt_cove_fiend, coc_grunt_cove_fiend]
Tar:1:    layout_honeycomb, nicolae_tar_cuneiform_city
Tar:2:    nicolae_tar_funeral_procession, layout_cathedral_of_symmetry,
          nicolae_tar_cuneiform_to_be

Skill      XL: |  1  2  3  4  5  6  7  8  9 10 11 12 13 14 15 16 17 18 19 20 21 22 23 24 25 26 27 |
---------------+----------------------------------------------------------------------------------+-----
Axes           | 3 4 5 6 7 9 10 12 14 16 18 20 22 23 27 | 27.0
Shields        | 4 5 6 7 8 9 10 12 13 15 16 17 19 20 21 22 23 24 27 | 27.0
Fighting       | 4 5 6 7 8 9 10 12 15 16 17 19 20 21 22 23 24 27 | 27.0
Armour         | 4 5 6 7 8 9 10 12 13 15 16 18 19 20 21 22 23 27 | 27.0
Invocations    | 1 3 5 7 10 12 14 | 14.1
Throwing       | 5 7 8 9 11 14 | 14.7
Transmutations | 5 8 11 | 11.7
Earth Magic    | 5 8 |  8.5
Spellcasting   | 4 7 8 |  8.8
Air Magic      | 24 | 24.2
Conjurations   | 16 | 16.1
Long Blades    | 27 | 27.0
Maces & Flails | 18 | 18.7

Action                     |  1- 3 |  4- 6 |  7- 9 | 10-12 | 13-15 | 16-18 | 19-21 | 22-24 | 25-27 || total
---------------------------+-------+-------+-------+-------+-------+-------+-------+-------+-------++-------
  Melee: War axe           |    60 |   145 |   224 |    51 |       |       |       |       |       ||   480
         Headbutt          |     9 |    17 |    40 |    65 |    44 |   409 |   192 |   311 |  2261 ||  3348
         Broad axe         |       |       |       |   250 |   161 |  1210 |   672 |  1125 |  5431 ||  8849
         Unarmed           |       |       |       |       |       |    92 |       |       |       ||    92
         Mace              |       |       |       |       |       |    21 |       |       |       ||    21
         Eveningstar       |       |       |       |       |       |       |       |       |   499 ||   499
         Double sword      |       |       |       |       |       |       |       |       |    18 ||    18
  Throw: Boomerang         |       |       |       |       |       |     2 |       |     3 |     5 ||    10
         Javelin           |       |       |       |       |       |       |       |     6 |     4 ||    10
   Cast: Arcjolt           |       |       |       |       |       |       |       |       |    80 ||    80
 Invoke: Renounce Religion |       |     1 |       |       |       |       |       |       |       ||     1
         Heroism           |       |       |       |     2 |       |     1 |     2 |     3 |     3 ||    11
         Finesse           |       |       |       |     2 |       |       |     1 |     2 |     1 ||     6
Ability: Evoke Damnation   |       |       |       |       |       |       |       |       |     1 ||     1
  Evoke: Lightning rod     |       |       |       |       |       |     2 |     1 |       |       ||     3
         Condenser vane    |       |       |       |       |       |       |     1 |       |       ||     1
         Wand              |       |       |       |       |       |       |       |       |     1 ||     1
         Figurine of a zig |       |       |       |       |       |       |       |       |     1 ||     1
    Use: Scroll            |     5 |     3 |     4 |    10 |     2 |    11 |     2 |    10 |    18 ||    65
         Potion            |       |     7 |     3 |     1 |     2 |     1 |     3 |     4 |    22 ||    43
   Stab: Distracted        |       |       |       |     2 |       |     1 |       |       |     2 ||     5
         Petrified         |       |       |       |       |       |     5 |       |       |       ||     5
         Paralysed         |       |       |       |       |       |       |       |       |     1 ||     1
 Armour: Scale mail        |    36 |    66 |    26 |       |       |       |       |       |       ||   128
         Ring mail         |       |       |    62 |    19 |       |       |       |       |       ||    81
         Plate armour      |       |       |       |   231 |   175 |   307 |       |       |       ||   713
         Crystal plate arm |       |       |       |       |       |   907 |   427 |   643 |  5411 ||  7388
  Dodge: Dodged            |    19 |    70 |    88 |   207 |   115 |   332 |   150 |   217 |  1652 ||  2850
  Block: Buckler           |    21 |    24 |    37 |       |       |       |       |       |       ||    82
         Tower shield      |       |       |    40 |       |       |  1629 |   874 |  1331 | 10537 || 14411
         Reflection        |       |       |       |       |       |       |       |       |   232 ||   232
         Orb               |       |       |       |       |       |       |       |       |   177 ||   177

Table legend: (Time is in decaauts)
 A = Elapsed time spent in this place.
 B = Non-inter-level travel time spent in this place.
 C = Inter-level travel time spent in this place.
 D = Time resting spent in this place.
 E = Time spent auto-exploring this place.
 F = Levels seen in this place.
 G = Mean time per level.
                   A        B        C        D        E       F      G
               +--------+--------+--------+--------+--------+-----+--------+
         Total | 105151 |  99498 |   5653 |  16924 |  51812 | 125 |  841.2 |
       Dungeon |  27357 |  25119 |   2238 |   9874 |  11376 |  15 | 1823.8 |
        Temple |    210 |    184 |     26 |      0 |    164 |   1 |  210.0 |
          Lair |   5929 |   5117 |    812 |      0 |   3811 |   5 | 1185.8 |
         Swamp |   3628 |   3557 |     71 |     34 |   2782 |   4 |  907.0 |
   Spider Nest |   5641 |   5425 |    216 |      5 |   4243 |   4 | 1410.2 |
    Slime Pits |   2742 |   2481 |    261 |      2 |   1029 |   5 |  548.4 |
  Orcish Mines |   1855 |   1531 |    324 |      0 |   1179 |   2 |  927.5 |
   Elven Halls |   3207 |   2944 |    263 |    122 |   1668 |   3 | 1069.0 |
        Vaults |   6080 |   5725 |    355 |    100 |   3412 |   5 | 1216.0 |
         Crypt |   3468 |   3292 |    176 |    256 |   1716 |   3 | 1156.0 |
          Tomb |   5061 |   4800 |    261 |    779 |   1304 |   3 | 1687.0 |
        Depths |   4880 |   4684 |    196 |    727 |   2905 |   4 | 1220.0 |
          Hell |   1573 |   1552 |     21 |      0 |    657 |   1 | 1573.0 |
           Dis |   7757 |   7574 |    183 |    610 |   5291 |   7 | 1108.1 |
       Gehenna |   4817 |   4702 |    115 |      0 |   3157 |   7 |  688.1 |
       Cocytus |   4639 |   4536 |    103 |      3 |   3219 |   7 |  662.7 |
      Tartarus |    683 |    658 |     25 |      0 |    512 |   2 |  341.5 |
         Abyss |   1802 |   1802 |      0 |    243 |    448 |   3 |  600.7 |
      Ziggurat |  10348 |  10348 |      0 |   4168 |   1098 |  38 |  272.3 |
         Trove |    123 |    123 |      0 |      0 |      0 |   1 |  123.0 |
       Ossuary |    435 |    435 |      0 |      0 |    161 |   1 |  435.0 |
        Bailey |    801 |    801 |      0 |      0 |    612 |   1 |  801.0 |
      Ice Cave |    552 |    552 |      0 |      0 |    228 |   1 |  552.0 |
        Wizlab |    488 |    488 |      0 |      0 |    143 |   1 |  488.0 |
      Gauntlet |   1063 |   1063 |      0 |      0 |    695 |   1 | 1063.0 |
               +--------+--------+--------+--------+--------+-----+--------+

Top non-repeatable levels by time:
     D:2: 10164 daAuts
   Dis:7: 5063 daAuts
  Tomb:1: 2756 daAuts
    D:13: 2161 daAuts
Spider:1: 1984 daAuts
    D:10: 1842 daAuts
   Coc:7: 1772 daAuts
Depths:1: 1767 daAuts
   Geh:7: 1626 daAuts
  Lair:5: 1585 daAuts
    Hell: 1573 daAuts
   Elf:3: 1567 daAuts
Spider:4: 1558 daAuts
  Lair:2: 1546 daAuts
 Crypt:3: 1523 daAuts
